 Dungeon Crawl Stone Soup version 0.20-a0-331-g5b3579f (webtiles) character file.

1053286 ololoev the Minotaur Barricade (level 27, -1/283 HPs)
             Began as a Minotaur Fire Elementalist on Dec 20, 2016.
             Was the Champion of Makhleb.
             Slain by an electric golem (6 damage)
             ... on level 5 of the Realm of Zot on Dec 21, 2016.
             The game lasted 05:23:19 (95552 turns).

ololoev the Minotaur Barricade (MiFE)              Turns: 95552, Time: 05:23:20

Health: -1/283     AC: 40    Str: 34    XL:     27
Magic:  2/10       EV: 25    Int: 22    God:    Makhleb [******]
Gold:   6621       SH: 35    Dex: 23    Spells: 18/45 levels left

rFire  + + .     SeeInvis +     a - +9 demon whip (chaos)
rCold  + . .     Gourm    .     O - +11 gold dragon scales
rNeg   + . .     Faith    .     M - +6 large shield {rC+}
rPois  +         Spirit   .     (helmet restricted)
rElec  .         Reflect  .     T - +2 cloak of the Wumpus {MP-9 Dex+10}
rCorr  .         Harm     .     s - +2 pair of gloves
MR     +++..     Rnd*Rage +     F - +0 pair of boots of Qineiklo {Str+3 Stlth+}
Stlth  ..........               n - amulet of Vitality {Regen+ HP+15}
                                t - ring of Xian {rN+ MP-9 Str+4 Int+10 Slay-2}
                                S - ring of the Devil {Fire MR+ SInv}

@: mighty, about to teleport, slowed, studying Fighting, very slow
A: retaliatory headbutt, horns 2, talons 1, berserk 1, clumsy 1, deformed body,
deterioration 1, low mp 2
}: 9/15 runes: serpentine, barnacled, silver, abyssal, demonic, glowing,
magical, fiery, dark
a: Minor Destruction, Lesser Servant of Makhleb, Major Destruction, Greater
Servant of Makhleb, Renounce Religion


Innate Abilities, Weirdness & Mutations

You reflexively headbutt those who attack you in melee.
You have a pair of horns on your head.
You have sharp toenails.
You tend to lose your temper in combat.
You are clumsy. (Dex -2)
Armour fits poorly on your strangely shaped body.
Your body sometimes deteriorates upon taking damage.
Your magical capacity is very low. (-20% MP)

Inventory:

Hand Weapons
 a - a +9 demon whip of chaos (weapon)
 b - a +5 antimagic eveningstar
Missiles
 x - 16 throwing nets (quivered)
Armour
 s - a +2 pair of gloves (worn)
 F - the +0 pair of boots of Qineiklo (worn) {Str+3 Stlth+}
   (You found it in a volcano)

   It affects your strength (+3).
   It makes you more stealthy.
 M - a +6 large shield of cold resistance (worn)
 O - +11 gold dragon scales (worn)
 T - the +2 cloak of the Wumpus (worn) {MP-9 Dex+10}
   (You bought it in a shop on level 3 of the Elven Halls)

   It affects your dexterity (+10).
   It affects your magic capacity (-9).
Jewellery
 n - the amulet of Vitality (around neck) {Regen+ HP+15}
   (You found it on level 1 of the Crypt)

   [amulet of regeneration]

   It affects your health (+15).
   It increases your rate of regeneration.
 t - the ring of Xian (right hand) {rN+ MP-9 Str+4 Int+10 Slay-2}
   (You found it on level 3 of the Crypt)

   [ring of positive energy]

   It affects your strength (+4).
   It affects your intelligence (+10).
   It affects your accuracy and damage with ranged weapons and melee attacks
   (-2).
   It protects you from negative energy.
   It affects your magic capacity (-9).
 S - the ring of the Devil (left hand) {Fire MR+ SInv}
   (You bought it in a shop on level 3 of the Elven Halls)

   [ring of fire]

   It enhances your fire magic.
   It protects you from fire.
   It makes you vulnerable to cold.
   It affects your resistance to hostile enchantments.
   It lets you see invisible.
Wands
 z - a wand of digging (16/24)
 H - a wand of disintegration (14/24)
Scrolls
 d - 25 scrolls of remove curse
 e - 20 scrolls of recharging
 j - 5 scrolls of blinking
 r - 5 scrolls of magic mapping
 C - 18 scrolls of teleportation
 E - 21 scrolls of identify
 I - 6 scrolls of fog
 K - 2 scrolls of silence
Potions
 f - 5 potions of magic
 m - a potion of heal wounds
 o - 7 potions of curing
 p - a potion of might
 A - 17 potions of flight
 D - 3 potions of invisibility
 P - 8 potions of cancellation
 R - a potion of ambrosia
Books
 l - a manual of Fighting
Miscellaneous
 h - a disc of storms
 i - a lamp of fire
 B - 3 boxes of beasts
Comestibles
 c - 40 bread rations
 g - 23 beef jerkies
 v - 32 fruits


   Skills:
 - Level 25.8 Fighting
 - Level 23.1 Maces & Flails
 - Level 1.0 Throwing
 - Level 24.5 Armour
 - Level 22.7 Dodging
 - Level 12.4 Stealth
 O Level 27 Shields
 * Level 9.6 Spellcasting
   Level 0.6 Conjurations
 * Level 8.8 Hexes
 - Level 16.8 Summonings
 + Level 8.4 Necromancy
 + Level 9.3 Transmutations
   Level 2.1 Fire Magic
 * Level 9.2 Air Magic
 - Level 13.1 Evocations


You had 18 spell levels left.
You knew the following spells:

 Your Spells              Type           Power        Failure   Level  Hunger
a - Aura of Abjuration    Summ           ######....   1%          5    ####...
b - Necromutation         Tmut/Necr      #####.....   100%        8    #######
c - Silence               Hex/Air        ######....   28%         5    ####...
d - Passwall              Tmut/Erth      ####......   10%         2    None
e - Lesser Beckoning      Tloc           ##........   93%         3    None
g - Regeneration          Chrm/Necr      ####......   21%         3    None
p - Apportation           Tloc           ##........   38%         1    None


You were on level 5 of the Realm of Zot.
You worshipped Makhleb.
Makhleb was exalted by your worship.
You were not hungry.

You visited 11 branches of the dungeon, and saw 53 of its levels.
You visited Pandemonium 2 times, and saw 40 of its levels.
You visited the Abyss 2 times.
You visited 1 ziggurat, and saw 8 of its levels.
You also visited: Volcano and Wizlab.

You collected 10691 gold pieces.
You spent 4070 gold pieces at shops.

▓▓▓▓ ....▓▓▓ .......▓▓▓
.........▓▓ ..........▓
▓▓▓▓▓▓▓▓▓
..........▓▓▓.......▓▓
..........▓▓......†..▓▓
..........▓.....@...*.▓.
......^.........8p.......
..........▓..).^......▓..
..........▓▓.........▓▓
.(........▓▓▓.......▓▓
..........# ▓▓▓▓▓▓▓▓▓
^........## ...^...▓##
....▓▓▓▓

Notes
Turn   | Place    | Note
-------+----------+-------------------------------------------
     0 | D:1      | ololoev the Minotaur Fire Elementalist began the quest for the Orb.
     0 | D:1      | Reached XP level 1. HP: 14/14 MP: 1/1
    23 | D:1      | DEFE: маг дубинки
    27 | D:1      | DEFE: мой любимый тип магов
    58 | D:1      | DEFE: да анармом затабешь
   125 | D:1      | ololoev: забодаю точнее
   128 | D:1      | DEFE: ага
   145 | D:1      | DEFE: а может и нет
   151 | D:1      | DEFE: кругом
   186 | D:1      | DEFE: скольк он может
   192 | D:1      | DEFE: ударить
   195 | D:1      | DEFE: у даггера 5
   195 | D:1      | DEFE: 9
   195 | D:1      | Iwannabefree: ebash
   195 | D:1      | Iwannabefree: MAGIU
   195 | D:1      | ololoev: 9
   351 | D:1      | Iwannabefree: >d:4
   351 | D:1      | Iwannabefree: >the +6 lajatang "Tets" (weapon) {protect, rPois rN+ Str+3 Stlth+}.
   351 | D:1      | DEFE: лыжи тема
   351 | D:1      | Iwannabefree: тайм ту трейн стейвс
   351 | D:1      | DEFE: 14 скилла для 0.7 скорости
   351 | D:1      | Sapher: эт стрик?
   351 | D:1      | ololoev: начало стрика, да
   377 | D:1      | Reached XP level 2. HP: 15/22 MP: 3/3
   509 | D:1      | Reached skill level 1 in Armour
   672 | D:1      | Reached skill level 1 in Fighting
   873 | D:1      | Reached skill level 1 in Maces & Flails
   878 | D:1      | Reached XP level 3. HP: 25/28 MP: 0/4
  1194 | D:1      | bear: а чо уж сразу троля не взять?
  1199 | D:1      | bear: чо именно минотабер?
  1199 | D:1      | ololoev: захотелось
  1318 | D:2      | DEFE: РОГА
  1323 | D:2      | DEFE: можно табать
  1329 | D:2      | Found a shattered altar of Ashenzari.
  1333 | D:2      | DEFE: не нажимая таб
  1631 | D:2      | Sapher: почти
  1631 | D:2      | DEFE: прмора нет?
  1638 | D:2      | ololoev: нет
  1679 | D:2      | DEFE: бери протект
  1714 | D:2      | Sapher: ага
  1726 | D:2      | DEFE: + на шортахбудет круче
  1726 | D:2      | ololoev: таки на нем + будет наверное, да
  1728 | D:2      | DEFE: а не
  1728 | D:2      | ololoev: не будет
  1728 | D:2      | ololoev: все равно 7Ас не лишние
  1728 | D:2      | Sapher: топором табать проще
  1771 | D:2      | DEFE: плейт
  1771 | D:2      | DEFE: лол
  1771 | D:2      | ololoev: армор подогнали
  1791 | D:2      | Reached XP level 4. HP: 35/37 MP: 3/5
  1923 | D:2      | DEFE: книга флеймов
  1928 | D:2      | DEFE: может неплохо гореть
  2098 | D:2      | DEFE: а даггер
  2102 | D:2      | DEFE: может +2
  2107 | D:2      | ololoev: 7AC luchshe
  2396 | D:3      | Noticed Jessica
  2397 | D:3      | ololoev: так
  2397 | D:3      | DEFE: не
  2397 | D:3      | ololoev: вот она в прошлый раз мой стрик убила
  2397 | D:3      | DEFE: умереть от джессики
  2397 | D:3      | DEFE: надо постараться
  2397 | D:3      | ololoev: !lg . -3 -log
  2397 | D:3      | beem: 3201/3203. ololoev, XL3 KoFE, T:1021: http://crawl.xtahua.com/crawl/morgue/ololoev/morgue-ololoev-20161219-112448.txt
  2397 | D:3      | Sapher: а че есть в сумке?
  2397 | D:3      | Goblin1989: мммм
  2397 | D:3      | Goblin1989: что это будет?
  2397 | D:3      | DEFE: ну тут у тебя в два раза больше хп
  2397 | D:3      | DEFE: чем у того кобольда
  2397 | D:3      | Goblin1989: таббер или кастер?
  2397 | D:3      | ololoev: хастра есть
  2397 | D:3      | ololoev: затабаю
  2397 | D:3      | ololoev: под хастой
  2399 | D:3      | DEFE: лол
  2399 | D:3      | Sapher: норм
  2399 | D:3      | ololoev: нет
  2399 | D:3      | DEFE: пчела
  2399 | D:3      | ololoev: я лучше свалю под хастой
  2399 | D:3      | DEFE: ага
  2399 | D:3      | DEFE: давай на д4
  2405 | D:3      | DEFE: тут пчелы мертвые
  2406 | D:3      | DEFE: ну их
  2413 | D:3      | Goblin1989: таббер или кастер все ж таки?
  2413 | D:3      | Sapher: табер
  2430 | D:2      | DEFE: вали
  2430 | D:2      | ololoev: ne zatabaetsya
  2430 | D:2      | Sapher: да пофик
  2613 | D:2      | DEFE: да скипай
  2615 | D:3      | Sapher: просто автопоиск пока не юзать и норм
  2661 | D:4      | Sapher: свитки бы опознать
  2672 | D:4      | DEFE: h
  2672 | D:4      | ololoev: seychas opasno
  2690 | D:2      | DEFE: нинужно
  2740 | D:4      | Found Pyr Hia's Book Shop.
  2747 | D:4      | DEFE: тот даггер пейна
  2747 | D:4      | DEFE: если там плюс
  2762 | D:4      | DEFE: поможет с джессикой
  2765 | D:4      | DEFE: арсор от нее не ужен
  2774 | D:4      | Reached XP level 5. HP: 40/42 MP: 6/6
  2775 | D:4      | ololoev: paru levelov pomojet s jessikoi
  2813 | D:4      | Noticed an ogre
  2850 | D:3      | ololoev: da emana
  2933 | D:3      | DEFE: томогавки
  3299 | D:3      | Killed Jessica
  3492 | D:3      | ololoev: apasna!!!
  3527 | D:3      | Noticed Sigmund
  3528 | D:3      | DEFE: лол
  3528 | D:3      | ololoev: lol
  3528 | D:3      | DEFE: ахахаххаха
  3845 | D:4      | Noticed anet's ghost (amateur DEWz)
  3905 | D:4      | Reached XP level 6. HP: 43/51 MP: 7/7
  3985 | D:4      | Sapher: не пора там на дубинки переходить?
  3985 | D:4      | ololoev: 3.7
  4012 | D:4      | DEFE: да можно уже
  4027 | D:4      | Found a burning altar of Makhleb.
  4045 | D:4      | DEFE: какой скилл нужен флейлу?
  4046 | D:4      | DEFE: 14?
  4046 | D:4      | ololoev: vrode da
  4087 | D:4      | DEFE: ну норм
  4101 | D:4      | ololoev: topor
  4101 | D:4      | ololoev: da pofig
  4103 | D:4      | DEFE: слишком рано
  4103 | D:4      | DEFE: для него
  4103 | D:4      | ololoev: skilla malo
  4188 | D:4      | DEFE: потом на кросстрейнешь
  4189 | D:4      | DEFE: если что
  4214 | D:5      | Entered Level 5 of the Dungeon
  4231 | D:5      | DEFE: там темпл мог быть
  4231 | D:5      | DEFE: так-то
  4237 | D:5      | ololoev: tam ghost s mefitikom
  4250 | D:5      | Goblin1989: окавару что ли ждешь?
  4256 | D:5      | ololoev: troga
  4275 | D:5      | Goblin1989: хлеб был
  4280 | D:5      | ololoev: ninujno
  4280 | D:5      | DEFE: трог тема
  4282 | D:5      | Goblin1989: тоже неплохо
  4330 | D:5      | DEFE: реген MR
  4455 | D:5      | Noticed Eustachio
  4457 | D:5      | Noticed an ice beast
  4461 | D:5      | DEFE: Бизапом
  4499 | D:5      | Noticed Graouh's ghost (amateur MiFi)
  4500 | D:5      | ololoev: ofigeli!!!
  4524 | D:4      | DEFE: зачем уше
  4551 | D:4      | ololoev: ghost mifi
  4551 | D:4      | DEFE: там up to 16
  4551 | D:4      | DEFE: с твоим ац это спешно
  4551 | D:4      | ololoev: !lg graouh mifi place=d:5 -log
  4551 | D:4      | beem: 16. Graouh, XL6 MiFi, T:2338: http://crawl.xtahua.com/crawl/morgue/Graouh/morgue-Graouh-20161220-091345.txt
  4551 | D:4      | ololoev: ac6 ev7
  4551 | D:4      | ololoev: movet i smeshno
  4551 | D:4      | ololoev: no tam eshe podmoga bila v vide makaki
  4551 | D:4      | ololoev: i fistashki
  4555 | D:4      | DEFE: ну и бизапом из
  4573 | D:4      | Killed anet's ghost
  4573 | D:4      | Reached XP level 7. HP: 51/58 MP: 8/8
  4591 | D:4      | Reached skill level 5 in Maces & Flails
  5201 | D:5      | DEFE: подведи под лестницу
  5296 | D:5      | DEFE: щита не хватает для максимального отаба
  5316 | D:5      | DEFE: еда
  5332 | D:4      | DEFE: упс
  5332 | D:4      | ololoev: Lol
  5332 | D:4      | DEFE: поворот не туда
  5332 | D:4      | Sapher: ^_^
  5332 | D:4      | ololoev: ne tuda
  5332 | D:4      | ololoev: ahaha
  5366 | D:4      | Killed Eustachio
  5436 | D:5      | Found a blossoming altar of Fedhas.
  5568 | D:4      | Reached skill level 5 in Armour
  5841 | D:4      | DEFE: я котом как-то играл так аккуратно
  5857 | D:4      | DEFE: максимально оптимально
  5956 | D:5      | DEFE: так оод мобы начали лезть
  6180 | D:5      | Reached XP level 8. HP: 67/67 MP: 9/9
  6214 | D:5      | Reached skill level 5 in Fighting
  6214 | D:5      | Reached skill level 5 in Dodging
  6362 | D:5      | Iwannabefree: как же кайфово играть когда первые огры появляются к д7
  6626 | D:6      | DEFE: можно просто играть за мифи
  6662 | D:6      | DEFE: тогда тебе все равно
  6663 | D:6      | DEFE: когда появляются огры
  6663 | D:6      | Iwannabefree: ага
  6665 | D:6      | Iwannabefree: на д3
  6665 | D:6      | DEFE: лол
  6665 | D:6      | Iwannabefree: хуй с гск
  6669 | D:7      | DEFE: лол
  6669 | D:7      | DEFE: лол
  6694 | D:6      | Iwannabefree: дефир сломался
  6696 | D:6      | DEFE: боггарт
  6696 | D:6      | Iwannabefree: несите нового
  6751 | D:6      | DEFE: мифи и на д2 затабает
  6761 | D:6      | DEFE: огра с гск
  6785 | D:6      | Iwannabefree: смотря какие кубики будут у огра
  7033 | D:6      | DEFE: ну как бы
  7061 | D:6      | DEFE: при невезением с кубми
  7171 | D:6      | Found a hide-covered altar of Uskayaw.
  7220 | D:6      | DEFE: первый прист отправит в морг вообще любого
  7500 | D:7      | DEFE: тяжело идет
  7500 | D:7      | Iwannabefree: @??ogre
  7500 | D:7      | DEFE: темпл только на д7
  7500 | D:7      | beem: ogre (O)
                  | Spd:
    10 | HD: 5    | HP: 23-32
                  | AC/EV: 1/6
                  | Dam: 17
                  | items, doors
                  | Res: magic(20)
                  | XP:
   119 | Sz: Large | Int: human.
  7500 | D:7      | ololoev: nado zamenit centaur warrior na centaur warper
  7500 | D:7      | Iwannabefree: pod 40
  7500 | D:7      | ololoev: chtobi s blinkom bil kak nasos
  7619 | D:7      | DEFE: насос лох
  7627 | D:7      | DEFE: MR нет
  7650 | D:7      | Iwannabefree: если бы был
  7656 | D:7      | Found Vifogor's Assorted Antiques.
  7662 | D:7      | Iwannabefree: насос бы ебал вообще все
  7662 | D:7      | Bought a scroll of identify for 54 gold pieces
  7662 | D:7      | Iwannabefree: кроме кастеров
  7663 | D:7      | Iwannabefree: и был бы в топе киллеров
  7726 | D:7      | DEFE: рандом эффектом
  7755 | D:7      | Reached XP level 9. HP: 57/77 MP: 10/10
  7781 | D:7      | Found Ashraargh's Magic Scroll Shoppe.
  7784 | D:7      | DEFE: фир
  7784 | D:7      | DEFE: купи
  7784 | D:7      | Bought a scroll of identify for 26 gold pieces
  7784 | D:7      | Bought a scroll of fear for 45 gold pieces
  7784 | D:7      | Bought a scroll of identify for 26 gold pieces
  7784 | D:7      | Bought a scroll of identify for 26 gold pieces
  7784 | D:7      | Bought a scroll of teleportation for 39 gold pieces
  7784 | D:7      | Bought a scroll of identify for 26 gold pieces
  7784 | D:7      | Bought a scroll of noise for 13 gold pieces
  7784 | D:7      | Bought a scroll of amnesia for 45 gold pieces
  7794 | D:7      | Identified a scroll of acquirement
  7795 | D:7      | DEFE: випон
  7795 | D:7      | ololoev: hohoho
  7795 | D:7      | DEFE: бери
  7795 | D:7      | ololoev: govno budet
  7795 | D:7      | DEFE: ща дадут даггер +1
  7795 | D:7      | ololoev: 8 v meisax
  7795 | D:7      | Sapher: да все равно надо оружие брать
  7795 | D:7      | DEFE: да и норм
  7795 | D:7      | ololoev: no vozmu
  7798 | D:7      | Iwannabefree: heheh
  7798 | D:7      | DEFE: в коде важно что бы больше было
  7798 | D:7      | DEFE: и все
  7798 | D:7      | ololoev: ojidaemo
  7817 | D:7      | Found Xisuq's Assorted Antiques.
  7832 | D:7      | DEFE: 180
  7832 | D:7      | Sapher: стрик плейры даже камни берут, а тут лук ^_^
  7832 | D:7      | DEFE: копи
  7832 | D:7      | Bought a scroll of identify for 38 gold pieces
  8019 | D:5      | Killed Graouh's ghost
  8125 | D:7      | Noticed Menkaure
  8414 | D:7      | Found a staircase to the Ecumenical Temple.
  8463 | Temple   | Entered the Ecumenical Temple
  8569 | Temple   | Became a worshipper of Trog the Wrathful
  8600 | D:7      | ololoev: torjestvennoe sojjenie castera na knige!
  8601 | D:7      | DEFE: ура
  8601 | D:7      | Killed Menkaure
  8641 | D:7      | DEFE: последний конжур флейм
  8644 | D:7      | DEFE: книги флеймов
  8849 | D:7      | Found Faagy's Food Shop.
  8910 | D:8      | DEFE: я давно предлагаю
  8921 | D:8      | Noticed Grum
  8922 | D:8      | DEFE: сделать книгам мисскаст эффекты
  8922 | D:8      | DEFE: от абилки трога
  8922 | D:8      | ololoev: я даже в таверне писал про это
  8922 | D:8      | ololoev: точнее схожую хрень
  8922 | D:8      | DEFE: шаг вправо вверх
  8922 | D:8      | Sapher: да все равно всех не затабать
  8922 | D:8      | ololoev: типа чтобы тип облаков зависел от тематики книги и размер от левела спеллов
  8965 | D:7      | DEFE: а че так плохо
  8971 | D:7      | DEFE: табакется
  8975 | D:6      | ololoev: kosoy
  9225 | D:8      | DEFE: какая форма стопа атаки
  9232 | D:8      | DEFE: от брони?
  9232 | D:8      | DEFE: формула*
  9232 | D:8      | ololoev: ne pomnu
  9266 | D:8      | DEFE: ну 16 силы
  9278 | D:8      | DEFE: уже не должна особо стопарить
  9299 | D:8      | Noticed Prince Ribbit
  9356 | D:8      | DEFE: ахахахаха
  9356 | D:8      | ololoev: NEEEET!!
  9480 | D:8      | DEFE: лол
  9480 | D:8      | Killed Grum
  9491 | D:8      | DEFE: майт против майта
  9501 | D:8      | DEFE: это был дайсомет сейчас
  9501 | D:8      | ololoev: aga
  9501 | D:8      | ololoev: s glefoi to
  9849 | D:8      | Noticed a two-headed ogre
  9853 | D:8      | DEFE: ту худуд
  9865 | D:8      | DEFE: ну
  9870 | D:8      | DEFE: надо берс
  9883 | D:8      | DEFE: хоть как=то
  9907 | D:7      | Reached skill level 10 in Maces & Flails
 10061 | D:8      | DEFE: а файтинг включен?
 10061 | D:8      | ololoev: da
 10061 | D:8      | ololoev: standartniy nabor tabbera
 10061 | D:8      | DEFE: да вроде все верно
 10082 | D:8      | DEFE: надо слея немного
 10082 | D:8      | DEFE: наверное
 10082 | D:8      | DEFE: там был флейл за 180
 10082 | D:8      | Sapher: да оружие гавно
 10083 | D:8      | Noticed Erica
 10087 | D:8      | Sapher: нужно новое
 10087 | D:8      | DEFE: ЭРика убьет
 10087 | D:8      | DEFE: иди на д9
 10173 | D:8      | Sapher: сжечь ведьму
 10174 | D:8      | DEFE: стой
 10175 | D:8      | ololoev: norm
 10175 | D:8      | ololoev: ya seichas ee otmanu
 10175 | D:8      | DEFE: уйдешь?
 10175 | D:8      | ololoev: knigu vozmu
 10175 | D:8      | ololoev: i sijgu
 10175 | D:8      | DEFE: он шаром убьет
 10175 | D:8      | DEFE: 59% конфуз
 10201 | D:8      | DEFE: а куринг завезли-то?
 10227 | D:8      | Identified Sif Muna's Collected Works on Entrancing Arcane Weapons
 10229 | D:8      | ololoev: da
 10404 | D:8      | DEFE: можно на него потратить
 10441 | D:8      | Killed a two-headed ogre
 10441 | D:8      | Reached XP level 10. HP: 43/88 MP: 11/11
 10468 | D:8      | Reached * piety under Trog
 10642 | D:7      | DEFE: зерк
 10870 | D:3      | Sapher: cntr+f забыть этаж
 11029 | D:3      | Goblin1989: а зачем это нужно
 11044 | D:3      | Goblin1989: забывать этаж?
 11044 | D:3      | ololoev: siga
 11044 | D:3      | Sapher: чтоб найти зиги
 11297 | D:3      | DEFE: если кто-то сбежал
 11302 | D:3      | Killed Sigmund
 11335 | D:4      | DEFE: наташу искать хорошо
 11344 | D:4      | DEFE: и вора
 11413 | D:7      | DEFE: как там его зовут
 11435 | D:8      | Goblin1989: хм
 11435 | D:8      | DEFE: мауриций
 11467 | D:8      | Goblin1989: надо не забыть это
 11607 | D:8      | DEFE: токо я всегда забваю команду
 11632 | D:8      | Killed Prince Ribbit
 11633 | D:8      | DEFE: ctrl-f поиск же
 11708 | D:8      | Sapher: после перехода в режим шифрт+Х
 11928 | D:8      | Found a deep blue altar of Sif Muna.
 11995 | D:8      | Found Qason's Assorted Antiques.
 12631 | D:9      | Reached ** piety under Trog
 12654 | D:9      | Found a staircase to the Orcish Mines.
 13091 | D:9      | Noticed a seven-headed hydra
 13129 | D:9      | DEFE: 7-хеадед
 13219 | D:9      | DEFE: зайди к оркам
 13225 | D:9      | DEFE: возьми пару монет
 13232 | D:9      | DEFE: тебе 50 надо
 13446 | D:9      | ololoev: taki da
 13472 | Orc:1    | Entered Level 1 of the Orcish Mines
 13492 | Orc:1    | Noticed Nergalle
 13494 | D:9      | DEFE: нерагль
 13494 | D:9      | ololoev: nergal
 13494 | D:9      | DEFE: беда
 13494 | D:9      | ololoev: piety!
 13494 | D:9      | DEFE: а
 13494 | D:9      | DEFE: буратино
 13494 | D:9      | DEFE: есть?
 13494 | D:9      | ololoev: on bez ddora je teper
 13509 | D:9      | ololoev: nunijen
 13518 | D:9      | DEFE: там болт сильный
 13521 | Orc:1    | Noticed an orc warlord
 13521 | Orc:1    | ololoev: 135hp
 13523 | Orc:1    | ololoev: taks
 13523 | Orc:1    | ololoev: orki svoi babki otdavat ne hotyat
 13533 | D:9      | DEFE: вали
 13710 | D:9      | DEFE: жадные
 13955 | D:9      | Found a staircase to the Lair.
 13956 | D:9      | Noticed an elephant
 13984 | D:9      | Killed an elephant
 14260 | D:9      | Reached XP level 11. HP: 89/97 MP: 12/12
 14763 | D:9      | Iwannabefree: чет пиздец
 14764 | D:9      | Iwannabefree: взял скальда
 14771 | D:9      | Iwannabefree: не подумал и взял ашу вместо бога
 14771 | D:9      | Killed a seven-headed hydra
 14778 | D:9      | Iwannabefree: в итоге у меня фалчион элека
 14778 | D:9      | Iwannabefree: на л1 гидра
 14781 | D:9      | Iwannabefree: дальше в данже дракон
 14859 | D:9      | Killed Nergalle
 14944 | D:9      | Iwannabefree: теперь я понимаю почему трудно делать стрики
 14955 | D:10     | Entered Level 10 of the Dungeon
 15011 | D:10     | Noticed a two-headed ogre
 15025 | D:10     | Killed a two-headed ogre
 15081 | D:10     | Noticed Erolcha
 15083 | D:10     | ololoev: erolcha umeet v lcs?
 15085 | D:10     | DEFE: да
 15092 | D:10     | Iwannabefree: не сцы
 15094 | D:10     | DEFE: молния
 15101 | D:10     | Killed Erolcha
 15243 | D:10     | DEFE: коридор
 15243 | D:10     | ololoev: ok
 15243 | D:10     | DEFE: сверху
 15243 | D:10     | DEFE: для пчел
 15243 | D:10     | ololoev: budu sidet kak sych
 15396 | D:10     | DEFE: о
 15396 | D:10     | ololoev: faith norm!
 15396 | D:10     | DEFE: норм
 15528 | D:10     | Reached skill level 10 in Fighting
 15578 | D:10     | DEFE: 3 монеты
 15583 | D:10     | DEFE: а че там в L
 15592 | D:10     | ololoev: xz
 15609 | D:10     | ololoev: poka ne poidu
 15609 | D:10     | DEFE: дверь
 15609 | D:10     | ololoev: bez fleila
 15660 | D:10     | DEFE: в уоридоре
 15786 | D:10     | DEFE: нене
 15792 | D:10     | DEFE: отступи в коридор
 15828 | D:9      | DEFE: через контрл
 15828 | D:9      | DEFE: надо бить
 15830 | D:9      | ololoev: ya tak i delal
 15830 | D:9      | ololoev: ne zatabivalos
 15840 | D:9      | ololoev: da lol
 15847 | D:9      | DEFE: реген
 15849 | D:9      | DEFE: зерк
 15849 | D:9      | DEFE: таб
 15860 | D:9      | DEFE: а там тролль
 15885 | D:9      | Reached skill level 10 in Armour
 15913 | D:9      | DEFE: вместо пропуска хода
 16135 | D:9      | DEFE: мог съесть вишенку
 16175 | D:10     | DEFE: лол
 16184 | D:10     | DEFE: иди в L
 16191 | D:10     | DEFE: yfqltim nhb vjytns
 16203 | D:10     | DEFE: найдешь три монеты
 16204 | D:10     | ololoev: 3 golda nado
 16204 | D:10     | DEFE: тут боль
 16204 | D:10     | ololoev: zahoju v lair a tam you hear a distant ticking of clock
 16382 | D:10     | DEFE: ну минотварь по зерком убьешь
 16429 | D:10     | DEFE: а в айскев все равно
 16436 | D:10     | DEFE: нинужно идти
 16803 | D:10     | Reached *** piety under Trog
 16816 | D:10     | Killed an unseen horror
 16817 | D:10     | DEFE: может
 16833 | D:10     | DEFE: с зерком
 16928 | D:10     | DEFE: а затабалось
 17006 | D:10     | Found Jutrog's Elemental Accessories.
 17041 | D:10     | DEFE: ну можно покупать
 17041 | D:10     | DEFE: флейл
 17045 | D:10     | DEFE: слей наверное круче будет
 17058 | D:10     | DEFE: чем двуруч
 17287 | D:7      | Bought a glowing flail for 180 gold pieces
 17290 | D:7      | DEFE: +3
 17357 | D:9      | DEFE: норм
 17364 | Lair:1   | Entered Level 1 of the Lair of Beasts
 17536 | Lair:1   | Reached XP level 12. HP: 26/108 MP: 13/13
 18641 | Lair:2   | DEFE: осталось подождать пока трог подарить демон вип
 18655 | Lair:2   | Reached skill level 10 in Dodging
 19278 | Lair:2   | Got a faintly humming chain mail
 19294 | Lair:2   | Identified the +10 chain mail of the King {*Drain rPois Stlth+} (You found it on level 2 of the Lair of Beasts)
 19294 | Lair:2   | ololoev: lol
 19294 | Lair:2   | DEFE: 10 из 10
 19294 | Lair:2   | ololoev: urezannaya versiya dragon kinga
 19294 | Lair:2   | ololoev: prosto king
 19294 | Lair:2   | DEFE: китайская
 19364 | Lair:2   | Reached **** piety under Trog
 19442 | Lair:2   | DEFE: прикол да
 19482 | Lair:2   | DEFE: они оне обходят с двух сторон
 19488 | Lair:2   | DEFE: если лос закрыт
 19499 | Lair:2   | DEFE: там где они могут пройти
 19499 | Lair:2   | Noticed an eight-headed hydra
 19510 | Lair:2   | Killed an eight-headed hydra
 19724 | Lair:2   | Noticed a death yak
 19724 | Lair:2   | Noticed a death yak
 19725 | Lair:2   | Noticed a death yak
 19776 | Lair:1   | Killed a death yak
 19883 | Lair:1   | Killed a death yak
 20015 | Lair:2   | Reached skill level 15 in Maces & Flails
 20027 | Lair:2   | Noticed a death yak
 20028 | Lair:2   | Found a staircase to the Shoals.
 20038 | Lair:2   | Noticed a death yak
 20060 | Lair:1   | Killed a death yak
 20249 | Lair:2   | Noticed a death yak
 20263 | Lair:1   | Killed a death yak
 20325 | Lair:2   | Killed a death yak
 20335 | Lair:2   | Killed a death yak
 20867 | Lair:3   | Found a staircase to the Snake Pit.
 21551 | Lair:3   | Reached XP level 13. HP: 117/117 MP: 14/14
 22735 | Lair:5   | Found a dark tunnel.
 22739 | Lair:5   | DEFE: рФ есть?
 22771 | Lair:5   | ololoev: nope
 22771 | Lair:5   | DEFE: беда
 22772 | Volcano  | Entered a volcano
 22809 | Volcano  | ololoev: nu kak skazal odin debil v taverne
 22809 | Volcano  | DEFE: тут не на скорость
 22809 | Volcano  | ololoev: +3 AC luchshe chem pervaya pipka v rF ili rC
 22809 | Volcano  | DEFE: лол
 22809 | Volcano  | ololoev: tak chto mne norm doljno bit
 22922 | Volcano  | DEFE: ну там в таверне игра закансивается на д2
 22923 | Volcano  | Received a gift from Trog
 22929 | Volcano  | DEFE: после победы над аддером
 23132 | Volcano  | ololoev: o
 23132 | Volcano  | ololoev: a tut eshe i rf ninujen
 23161 | Volcano  | Noticed a stone giant
 23165 | Volcano  | Sapher: я тут отходил, а стрик еще жив!
 23173 | Volcano  | DEFE: ну как нинужен
 23179 | Volcano  | DEFE: болты-то у них есть
 23179 | Volcano  | ololoev: taks taks taks
 23179 | Volcano  | DEFE: братана
 23179 | Volcano  | DEFE: зови
 23186 | Volcano  | Killed a stone giant
 23191 | Volcano  | Found a burning altar of Makhleb.
 23196 | Volcano  | DEFE: жри
 23202 | Volcano  | DEFE: кстагреат мейс
 23204 | Volcano  | DEFE: огня
 23221 | Volcano  | DEFE: почти фаерстартер
 23243 | Volcano  | Iwannabefree: beri
 23247 | Volcano  | ololoev: jalko randart s dreinom
 23250 | Volcano  | Iwannabefree: flail ninuzhen
 23270 | Volcano  | Got a pair of twisted boots
 23276 | Volcano  | Identified the +0 pair of boots of Qineiklo {Str+3 Stlth+} (You found it in a volcano)
 23503 | Lair:5   | DEFE: ну в целом
 23545 | Lair:5   | DEFE: с ней можно игру пройти
 23767 | Lair:5   | Noticed Kirke
 23779 | Lair:5   | Killed Kirke
 23863 | Lair:5   | Reached XP level 14. HP: 127/127 MP: 15/15
 23971 | Lair:5   | Found a staircase to the Slime Pits.
 24262 | Lair:6   | Entered Level 6 of the Lair of Beasts
 24841 | Lair:6   | DEFE: хорошей эндинг
 24942 | Lair:6   | DEFE: простой и много лута
 24947 | Lair:6   | ololoev: lut govno obichno pravda
 24947 | Lair:6   | ololoev: kak i pochti vo vsex endingax
 24989 | Lair:6   | Reached ***** piety under Trog
 25175 | Lair:6   | ololoev: opa
 25175 | Lair:6   | ololoev: message dobavili
 25175 | Lair:6   | ololoev: pro gifty
 25368 | Lair:6   | DEFE: щит
 25377 | Lair:6   | DEFE: рЦ
 25377 | Lair:6   | ololoev: nichego tak
 25377 | Lair:6   | DEFE: неплохо
 25377 | Lair:6   | DEFE: если демон вип дадут
 25377 | Lair:6   | ololoev: stoit na demonwhip pereiti esli budet
 25525 | Lair:6   | Sapher: что значит если, конечно будет)
 25614 | Lair:6   | ololoev: ne nu mojet firestarter ranshe poyavitsya
 25727 | Lair:6   | Reached XP level 15. HP: 117/135 MP: 16/16
 26013 | Orc:1    | Killed an orc warlord
 26035 | Orc:1    | Paralysed by an orc sorcerer for 3 turns
 26038 | Orc:1    | DEFE: да он может в депсах выпасть
 26038 | Orc:1    | DEFE: запросто
 26038 | Orc:1    | ololoev: lol
 26038 | Orc:1    | DEFE: я про демон
 26441 | Orc:1    | Received a gift from Trog
 26442 | Orc:1    | Noticed Harold
 26463 | Orc:1    | Killed Harold
 26851 | Orc:2    | Entered Level 2 of the Orcish Mines
 26868 | Orc:2    | ololoev: aizul
 26868 | Orc:2    | DEFE: азруил
 26880 | Orc:2    | ololoev: tfu
 26880 | Orc:2    | ololoev: azrael
 27010 | Orc:2    | Sapher: сделал макрос на таб 10 раз подряд?)
 27014 | Orc:2    | ololoev: aga
 27014 | Orc:2    | ololoev: ne nu ya tupo zajal tab
 27022 | Orc:2    | DEFE: зачем?
 27028 | Orc:2    | DEFE: Я вот жму таб
 27028 | Orc:2    | DEFE: просто очень часто
 27058 | Orc:2    | DEFE: не зажимая
 27058 | Orc:2    | ololoev: ya ne privik tabat
 27212 | Orc:2    | DEFE: тогда можно остановиться
 27271 | Orc:2    | DEFE: если что-то пойдет не так
 27283 | Orc:2    | DEFE: братанов
 27327 | Orc:2    | DEFE: лол
 27360 | Orc:2    | Found a roughly hewn altar of Beogh.
 27538 | Orc:2    | Found a staircase to the Elven Halls.
 27563 | Orc:2    | Noticed Azrael
 27627 | Orc:2    | Killed Azrael
 27801 | Orc:2    | Iwannabefree: ??minotaur reasons
 27801 | Orc:2    | beem: minotaur reasons[1/2]: You want to hit things.
 27838 | Orc:2    | Iwannabefree: ??minotaur reasons [2
 27838 | Orc:2    | beem: minotaur reasons[2/2]: you can kill things without hitting them
 27853 | Orc:2    | Iwannabefree: ??mi unreasons
 27854 | Orc:2    | beem: I don't have a page labeled mi_unreasons in my learndb.
 27872 | Orc:2    | Iwannabefree: ??minotaur unreasons
 27874 | Orc:2    | beem: I don't have a page labeled minotaur_unreasons in my learndb.
 27877 | Orc:2    | DEFE: че ты делаешь
 27879 | Orc:2    | Iwannabefree: no unreasons
 27914 | Orc:2    | ololoev: hilus'
 28033 | Orc:2    | Received a gift from Trog
 28049 | Orc:2    | DEFE: минотавры лучшая раса
 28269 | Orc:2    | Found Veracija's Magic Scroll Emporium.
 28269 | Orc:2    | Found Soget's Book Shop.
 28314 | Orc:2    | Bought a scroll of fog for 28 gold pieces
 28314 | Orc:2    | Bought a scroll of silence for 105 gold pieces
 28314 | Orc:2    | Bought a scroll of identify for 28 gold pieces
 28314 | Orc:2    | Bought a scroll of identify for 28 gold pieces
 28314 | Orc:2    | Bought a scroll of identify for 28 gold pieces
 28314 | Orc:2    | Bought a scroll of identify for 28 gold pieces
 28314 | Orc:2    | Bought 3 scrolls of teleportation for 126 gold pieces
 28314 | Orc:2    | Bought 2 scrolls of teleportation for 84 gold pieces
 28314 | Orc:2    | DEFE: ла не трать
 28331 | Orc:2    | DEFE: еще два же
 28354 | Orc:2    | Found a roughly hewn altar of Beogh.
 28627 | Orc:2    | Found Zorphirua's Armour Emporium.
 28627 | Orc:2    | Found Rief's Book Shop.
 28768 | Orc:2    | DEFE: перчатки есть?
 28836 | Orc:2    | Iwannabefree: ??best race
 28836 | Orc:2    | beem: I don't have a page labeled best_race in my learndb.
 28836 | Orc:2    | Bought a scroll of enchant armour for 105 gold pieces
 28836 | Orc:2    | Bought a scroll of enchant armour for 105 gold pieces
 28836 | Orc:2    | Bought a scroll of enchant weapon for 105 gold pieces
 28836 | Orc:2    | Bought a scroll of recharging for 133 gold pieces
 28865 | Orc:2    | Iwannabefree: HE eto lutshaya rasa
 28866 | Orc:2    | Bought a +0 pair of gloves for 54 gold pieces
 28867 | Orc:2    | DEFE: MD
 28871 | Orc:2    | Iwannabefree: mi tak
 28874 | Orc:2    | Iwannabefree: dlya nubov
 28874 | Orc:2    | Iwannabefree: shtobi ne umirali
 28874 | Orc:2    | DEFE: MD ONLY AND FOREVER
 29020 | D:7      | Iwannabefree: ??md
 29020 | D:7      | beem: mountain dwarf[1/3]: Player species removed in 0.10 in favour of keeping minotaurs and hill orcs in the game. Good at axes, heavy armour, fighting, earth/fire magic and whatever else you'd expect dwarves to be good at.
 29020 | D:7      | Bought a scroll of enchant weapon for 97 gold pieces
 29020 | D:7      | Bought a scroll of enchant armour for 97 gold pieces
 29090 | D:11     | Iwannabefree: whats the differens
 29094 | D:11     | Iwannabefree: betwen them
 29141 | D:11     | Reached ****** piety under Trog
 29143 | D:11     | DEFE: +3 апта
 29147 | D:11     | DEFE: а не +2
 29206 | D:11     | Iwannabefree: Все
 29214 | D:11     | Iwannabefree: скачиваю некроверсию!
 29259 | D:11     | Noticed Yermak's ghost (novice VSWn)
 29260 | D:11     | DEFE: на клане вроде можно поиграть
 29260 | D:11     | ololoev: yermaker
 29260 | D:11     | DEFE: в версию с md
 29265 | D:11     | DEFE: up tp 19
 29268 | D:11     | Killed Yermak's ghost
 29362 | D:11     | Iwannabefree: флейм лучше
 29370 | D:11     | Received a gift from Trog
 29372 | D:11     | Iwannabefree: ворпала
 29387 | D:11     | ololoev: tripel
 29416 | D:11     | DEFE: жаль что нинужен
 29483 | D:11     | DEFE: а +3 лучше чем +2
 29960 | D:12     | Iwannabefree: https://crawl.develz.org/tavern/viewtopic.php?f=8&t=22577&sid=80459eb6dae0fdce8779e1d7efb81fa5
 29961 | D:12     | Got an ichor-stained hat
 29962 | D:12     | Iwannabefree: шарит
 29967 | D:12     | Identified the -3 hat of Hedging {rPois Str-2 Int+4 SInv} (You acquired it on level 12 of the Dungeon)
 29967 | D:12     | Iwannabefree: в НИНУЖНОСТИ монструса
 29967 | D:12     | DEFE: это китайская шапка алхимика
 30365 | D:12     | DEFE: давай
 30388 | D:12     | Received a gift from Trog
 30389 | D:12     | DEFE: хаос дубину
 30390 | D:12     | DEFE: делать
 30594 | D:12     | DEFE: лол
 30594 | D:12     | ololoev: eh
 30609 | D:12     | Found a portal to a secret trove of treasure.
 30626 | D:12     | DEFE: я бы не отдал
 30648 | D:12     | DEFE: палку
 30860 | D:12     | Iwannabefree: нинужна в общем то
 30887 | D:12     | Iwannabefree: когда есть зерк
 30887 | D:12     | ololoev: razve chto 2 budet
 30894 | D:12     | DEFE: трова еще более нинужна
 30898 | D:12     | ololoev: lol
 30898 | D:12     | ololoev: kravlani rassujdaut o stepenyah ninujnosti
 30930 | D:13     | Iwannabefree: кравл нинужен тоже
 30990 | D:13     | Iwannabefree: когда есть интересный и фановый томе
 31007 | D:13     | Iwannabefree: с огромным количеством контента
 31007 | D:13     | DEFE: так ничего нинужно
 31064 | D:13     | DEFE: я щитаю мумо челленджслишком простой
 31087 | D:13     | DEFE: там плащ можно и перчатки с ботами
 31133 | D:13     | DEFE: если не раннинг
 31252 | D:13     | Iwannabefree: надо сделать новый челлендж
 31261 | D:13     | Iwannabefree: и вкинуть в таверну
 31261 | D:13     | Noticed Snorg
 31265 | D:13     | DEFE: но ты почему-то играешь кравл
 31271 | D:13     | DEFE: а не томе
 31271 | D:13     | Killed Snorg
 31279 | D:13     | DEFE: как и все тут
 31462 | D:13     | Iwannabefree: я на двух стульях
 31479 | D:13     | Found Jeumaett's Antique Weapon Boutique.
 31482 | D:13     | DEFE: 651
 31482 | D:13     | ololoev: opa
 31482 | D:13     | DEFE: ну
 31482 | D:13     | Iwannabefree: тащемта они не совсем сравнимы
 31482 | D:13     | ololoev: dwhip
 31482 | D:13     | DEFE: можно начинать качать
 31482 | D:13     | DEFE: щиты
 31482 | D:13     | ololoev: i erestavat fleili
 31572 | D:13     | Noticed Maurice
 31579 | D:13     | Killed Maurice
 31716 | D:14     | Reached skill level 1 in Shields
 31833 | D:14     | Found a gate to the Vaults.
 31855 | D:14     | Reached skill level 2 in Shields
 31869 | D:14     | Reached skill level 3 in Shields
 31918 | D:14     | Reached XP level 16. HP: 146/146 MP: 17/17
 31923 | D:14     | Iwannabefree: >>>you feel the power of Trog in you
 31926 | D:13     | Iwannabefree: MAGMA TECHET V MOIH VENAH
 32288 | D:14     | Received a gift from Trog
 32294 | D:14     | Reached skill level 4 in Shields
 32802 | D:14     | Reached skill level 5 in Shields
 33058 | D:15     | Entered Level 15 of the Dungeon
 33504 | D:15     | Reached skill level 6 in Shields
 33708 | D:15     | DEFE: мотыль
 33720 | D:15     | DEFE: теле
 33720 | D:15     | ololoev: aga
 33736 | D:15     | DEFE: да иди в
 33738 | D:15     | DEFE: P
 34097 | D:15     | DEFE: мотыль опасен
 34105 | D:15     | DEFE: а профита нет
 34218 | D:15     | DEFE: итак сожрал силы
 34314 | D:15     | Reached skill level 15 in Armour
 34745 | D:15     | Reached skill level 7 in Shields
 34836 | D:15     | Found a staircase to the Depths.
 34840 | D:15     | Received a gift from Trog
 35047 | Snake:1  | Entered Level 1 of the Snake Pit
 35539 | Snake:1  | Reached skill level 8 in Shields
 35576 | Snake:1  | DEFE: хорошо им хоть взрыв отменили
 35694 | Snake:1  | Reached skill level 15 in Fighting
 35752 | Snake:1  | DEFE: раньше веселуха была с ними
 35795 | Snake:1  | DEFE: за милишника
 36572 | Snake:1  | Iwannabefree: оказуалеле
 36734 | Snake:1  | Iwannabefree: раньшебылолучше
 36839 | Snake:2  | DEFE: да раньше их вообще не было
 36853 | Snake:2  | DEFE: нинужны
 37302 | Snake:2  | Reached skill level 9 in Shields
 37384 | Snake:2  | Noticed Vashnia
 37856 | Snake:2  | Received a gift from Trog
 38228 | Snake:2  | Killed Vashnia
 38228 | Snake:2  | Reached XP level 17. HP: 156/156 MP: 6/18
 38416 | Snake:2  | Reached skill level 10 in Shields
 38874 | Snake:3  | Got a slimy cloak
 38875 | Snake:3  | Identified the +0 cloak "Eniomou" {Str+3} (You acquired it on level 3 of the Snake Pit)
 39930 | Snake:4  | Entered Level 4 of the Snake Pit
 39948 | Snake:4  | Reached skill level 11 in Shields
 40744 | Snake:4  | Iwannabefree: есть какие-то софткапы армора?
 40901 | Snake:4  | Received a gift from Trog
 40956 | Snake:4  | Iwannabefree: при скольки скилла перчатки и ботинки дают 2 вместо 1 АС,
 40956 | Snake:4  | Iwannabefree: ?
 40956 | Snake:4  | ololoev: mojesh pocheckat !aevp dlya -EV s enkumba
 40956 | Snake:4  | ololoev: nu i base armour * armor skill / 22 - et ovelichina bonusa armora
 40956 | Snake:4  | Iwannabefree: 12
 40956 | Snake:4  | Iwannabefree: znachit
 40956 | Snake:4  | Iwannabefree: ili chut bolshe 11
 41435 | Snake:4  | Reached skill level 12 in Shields
 41884 | Snake:4  | Reached skill level 15 in Dodging
 42090 | Snake:4  | Iwannabefree: stop
 42091 | Snake:4  | Iwannabefree: net
 42111 | Snake:4  | Iwannabefree: menshe
 42283 | Snake:4  | Got a serpentine rune of Zot
 42714 | D:13     | Bought a glowing demon whip for 651 gold pieces
 42866 | Shoals:1 | Entered Level 1 of the Shoals
 43029 | Lair:2   | Received a gift from Trog
 43115 | Shoals:1 | Reached skill level 13 in Shields
 43408 | Shoals:1 | Reached XP level 18. HP: 162/168 MP: 19/19
 43415 | Shoals:1 | Found an opulent altar of Gozag.
 44250 | Shoals:2 | Received a gift from Trog
 44911 | Shoals:3 | ololoev: vamp
 45200 | Shoals:3 | Reached skill level 14 in Shields
 45719 | Shoals:4 | Entered Level 4 of the Shoals
 46122 | Shoals:4 | Noticed Ilsuiw
 46147 | Shoals:4 | Received a gift from Trog
 46164 | Shoals:4 | Killed Ilsuiw
 46561 | Shoals:4 | Reached skill level 15 in Shields
 46575 | Shoals:4 | Got a barnacled rune of Zot
 46752 | Shoals:4 | Received a gift from Trog
 46830 | Shoals:4 | Got an ebony great mace
 46831 | Shoals:4 | Identified the +9 great mace "Xacri" {elec, +Fly rElec rC+ Stlth+} (You found it on level 4 of the Shoals)
 47296 | Vaults:1 | Entered Level 1 of the Vaults
 47521 | Vaults:1 | Noticed Asterion
 47539 | Vaults:1 | Killed Asterion
 47598 | Vaults:1 | Reached XP level 19. HP: 163/177 MP: 20/20
 47784 | Vaults:1 | Received a gift from Trog
 48348 | Vaults:1 | Reached skill level 16 in Shields
 48817 | Vaults:2 | Received a gift from Trog
 49418 | Vaults:2 | Received a gift from Trog
 49582 | Vaults:2 | Reached skill level 17 in Shields
 49864 | Vaults:2 | Received a gift from Trog
 50587 | Vaults:3 | Reached XP level 20. HP: 188/189 MP: 21/21
 50724 | Vaults:3 | Received a gift from Trog
 51068 | Vaults:3 | Reached skill level 18 in Shields
 51142 | Vaults:3 | Found a staircase to the Crypt.
 51300 | Vaults:3 | Found Emoh's Book Emporium.
 51353 | Vaults:3 | Received a gift from Trog
 52096 | Vaults:4 | Received a gift from Trog
 52524 | Vaults:4 | Reached skill level 19 in Shields
 52697 | Vaults:4 | Received a gift from Trog
 52863 | Vaults:4 | Reached XP level 21. HP: 198/198 MP: 18/22
 53325 | Vaults:5 | Entered Level 5 of the Vaults
 53415 | Vaults:5 | Noticed an ancient lich
 53430 | Vaults:5 | Reached skill level 20 in Shields
 53430 | Vaults:5 | Received a gift from Trog
 53448 | Vaults:5 | Killed an ancient lich
 53488 | Vaults:5 | Noticed an ancient lich
 53522 | Vaults:5 | Iwannabefree: есть путь получить скилл титл за божков без инвоков?
 53523 | Vaults:5 | ololoev: yep
 53523 | Vaults:5 | Iwannabefree: HOW
 53523 | Vaults:5 | ololoev: use ur mind, luke!
 53523 | Vaults:5 | Iwannabefree: bliat
 53523 | Vaults:5 | ololoev: !lg . title="Luminary of lethal lore"
 53523 | Vaults:5 | beem: 1. ololoev the Luminary of Lethal Lore (L27 GrGl of Vehumet), escaped with the Orb and 15 runes on 2015-10-30 12:29:48, with 13853021 points after 115523 turns and 8:03:54.
 53527 | Vaults:5 | Killed an ancient lich
 53561 | Vaults:5 | Received a gift from Trog
 53575 | Vaults:5 | Iwannabefree: !log ololoev * grgl won
 53580 | Vaults:5 | beem: 1. ololoev, XL27 GrGl, T:115523: http://crawl.xtahua.com/crawl/morgue/ololoev/morgue-ololoev-20151030-122948.txt
 53610 | Vaults:5 | Reached skill level 21 in Shields
 53618 | Vaults:5 | Iwannabefree: hmm
 53631 | Vaults:5 | Iwannabefree: hmmmmmmmmmmmmmmmm
 53652 | Vaults:5 | Reached XP level 22. HP: 204/209 MP: 23/23
 53653 | Vaults:5 | Iwannabefree: ты свапал бога?
 53653 | Vaults:5 | ololoev: da
 53653 | Vaults:5 | Iwannabefree: хули так сложно сук
 53653 | Vaults:5 | Iwannabefree: окей
 53653 | Vaults:5 | ololoev: kachaesh 27 invokov i svapaesh
 53666 | Vaults:5 | Iwannabefree: ??ash wrath
 53674 | Vaults:5 | beem: ashenzari wrath[1/1]: -4 to all skills. Also boosts enemy AI: better pathfinding, they're more likely to target you when you're invisible, and they never forget about you. The wrath ends after you've gained two experience levels (or an equivalent amount of xp), not after a certain number of turns.
 53699 | Vaults:5 | Iwannabefree: reee
 53916 | Vaults:5 | Received a gift from Trog
 54242 | Vaults:5 | Identified the Disquisition on Feathers and Benedictions
 54435 | Vaults:5 | Got a silver rune of Zot
 54735 | Vaults:5 | Noticed an ancient lich
 54767 | Vaults:5 | Killed an ancient lich
 55130 | Vaults:5 | Gained mutation: You have large cloven feet. [potion of beneficial mutation]
 55372 | Depths:1 | Entered Level 1 of the Depths
 55410 | Depths:1 | Received a gift from Trog
 55425 | Depths:1 | Noticed Mara
 55431 | D:15     | Upgraded the game from 0.20-a0-315-g8346a86 to 0.20-a0-331-g5b3579f
 55538 | Depths:1 | Noticed ololoev's illusion
 55538 | Depths:1 | Killed Mara
 55720 | Depths:1 | Reached skill level 22 in Shields
 55787 | Depths:1 | Found a gateway to Hell.
 56054 | Depths:1 | Received a gift from Trog
 56608 | Depths:2 | Reached XP level 23. HP: 209/220 MP: 24/24
 56841 | Depths:2 | Received a gift from Trog
 56993 | Depths:2 | Noticed Saint Roka
 57044 | Depths:2 | Killed Saint Roka
 57112 | Depths:2 | Reached skill level 23 in Shields
 57242 | Depths:2 | Noticed a caustic shrike
 57242 | Depths:2 | a shadow dragon changed into a caustic shrike
 57246 | Depths:2 | a caustic shrike changed into a shadow dragon
 57590 | Depths:2 | Received a gift from Trog
 58024 | Depths:2 | Iwannabefree: yo
 58027 | Depths:2 | Iwannabefree: i kak
 58027 | Depths:2 | ololoev: hi vancer
 58064 | Depths:2 | Iwannabefree: >>>tfw no wands
 58445 | Depths:3 | Noticed Jory
 58462 | Depths:3 | Killed Jory
 58464 | Depths:3 | Noticed a juggernaut
 58512 | Depths:3 | Killed a juggernaut
 58562 | Depths:3 | Noticed a caustic shrike
 58593 | Depths:3 | Killed a caustic shrike
 58626 | Depths:3 | Received a gift from Trog
 58687 | Depths:3 | Received a gift from Trog
 58711 | Depths:3 | Reached XP level 24. HP: 231/231 MP: 24/24
 58746 | Depths:3 | Reached skill level 24 in Shields
 59411 | Depths:3 | Found a one-way gate to the infinite horrors of the Abyss.
 59548 | Depths:3 | Found a one-way gate leading to the halls of Pandemonium.
 59555 | Depths:3 | Received a gift from Trog
 59556 | Depths:3 | Got an ivory morningstar {god gift}
 59557 | Depths:3 | Identified the +5 morningstar "Kas Quuq" {crush, Str+7 Int-3 Dex+8} (Trog gifted it to you on level 3 of the Depths)
 59854 | Depths:4 | Got a heavily runed pewter amulet
 59865 | Depths:4 | Identified the amulet "Ginlu" {RegenMP Str+4 Slay+2} (You found it on level 4 of the Depths)
 60190 | Depths:4 | Gained mutation: You are partially covered in thin metallic scales. (AC +2) [a shining eye]
 60206 | Depths:4 | Found a gateway to a ziggurat.
 60501 | Depths:4 | Found an ancient bone altar of Kikubaaqudgha.
 60501 | Depths:4 | Noticed an ancient lich
 61296 | Depths:4 | Received a gift from Trog
 61778 | Depths:5 | Entered Level 5 of the Depths
 61790 | Depths:5 | Killed an ancient lich
 61887 | Depths:4 | Reached skill level 25 in Shields
 62158 | Depths:5 | Found a gate to the Realm of Zot.
 62225 | Depths:5 | Reached XP level 25. HP: 145/240 MP: 24/24
 62795 | Zig:1    | Entered Level 1 of a ziggurat
 62824 | Zig:2    | Entered Level 2 of a ziggurat
 62865 | Zig:2    | Gained mutation: You are partially covered in rugged brown scales. (AC +1, +3% HP) [potion of beneficial mutation]
 62898 | Zig:3    | Entered Level 3 of a ziggurat
 62924 | Zig:3    | Goblin1989: я чего-то не совсем понял что там в треде написали. Дворфов собираются переделать?
 62926 | Zig:3    | ololoev: уже
 62926 | Zig:3    | ololoev: ололо ппц какие переделки
 62926 | Zig:3    | ololoev: убрали ванд хв, хасы и телека
 62926 | Zig:3    | Goblin1989: ойойой
 62926 | Zig:3    | Goblin1989: так теперь дворфы сами себя лечат вместо того чтобы хилки оживлять?
 62926 | Zig:3    | ololoev: да, у них абилка появилась
 62926 | Zig:3    | Goblin1989: они теперь совсем не изи видимо станут
 62926 | Zig:3    | ololoev: почему это?
 62926 | Zig:3    | Goblin1989: заценить что ли
 62926 | Zig:3    | ololoev: наоборот
 62926 | Zig:3    | Goblin1989: ну я хз
 62926 | Zig:3    | ololoev: с выпилом вандов дроп хв, хасты и телеков увеличили
 62926 | Zig:3    | ololoev: а дорфы сейчас теряют ману не всегда, а с некоторым шансом
 62926 | Zig:3    | Goblin1989: надо разобраться как эта штука работает спева будет
 62926 | Zig:3    | ololoev: но вот найденные речарж свитки уже не будут считаться как ХВ
 62926 | Zig:3    | ololoev: так что вероятно хила станет меньше, но не сильно
 62949 | Zig:4    | Entered Level 4 of a ziggurat
 62989 | Zig:4    | Received a gift from Trog
 63285 | Zig:5    | Entered Level 5 of a ziggurat
 63359 | Zig:5    | Reached skill level 1 in Evocations
 63397 | Zig:6    | Entered Level 6 of a ziggurat
 63404 | Zig:6    | Noticed a greater mummy
 63429 | Zig:6    | Killed a greater mummy
 63529 | Zig:6    | Goblin1989: я все не могу понять что это за слэй драк
 63530 | Zig:6    | Goblin1989: увеличен урон по драконам?
 63530 | Zig:6    | ololoev: да, и драконианам
 63532 | Zig:7    | Entered Level 7 of a ziggurat
 63575 | Zig:7    | Identified the Reference Book on Execration and Poison
 63616 | Zig:7    | Goblin1989: кстати как ты думаешь, ашезати трансмутеру нормально зайдет?
 63617 | Zig:8    | Entered Level 8 of a ziggurat
 63617 | Zig:8    | ololoev: средненько
 63625 | Zig:8    | Goblin1989: вёпон не закурсишь?
 63627 | Zig:8    | Noticed Gethufy the pandemonium lord
 63629 | Zig:8    | ololoev: да, и к тому же шмотки мелдятся в формах, бонусы теряешь
 63942 | Depths:2 | DEFE: laliev
 63946 | Depths:2 | DEFE: gobber
 63948 | Depths:2 | ololoev: hi defir
 63948 | Depths:2 | ololoev: seichas napishet ninujno
 63948 | Depths:2 | DEFE: дропнуть сакред
 64058 | D:10     | ololoev: я пока на ельфов иду
 64058 | D:10     | DEFE: это хуже всего
 64058 | D:10     | ololoev: так нинужен же
 64062 | D:10     | ololoev: vamp luchshe
 64144 | Elf:1    | Entered Level 1 of the Elven Halls
 64145 | Elf:1    | DEFE: но ведь
 64145 | Elf:1    | DEFE: нинужен
 64145 | Elf:1    | DEFE: +1 бейз атака
 64145 | Elf:1    | DEFE: алсо
 64145 | Elf:1    | DEFE: ты до сих пор без кепки
 64145 | Elf:1    | ololoev: а нет нормальных
 64145 | Elf:1    | Iwannabefree: палки ремувнули
 64145 | Elf:1    | ololoev: da
 64145 | Elf:1    | Iwannabefree: slowpoke.jpg
 64145 | Elf:1    | ololoev: seichas vse budut bugurtit
 64145 | Elf:1    | ololoev: osobenno ya
 64145 | Elf:1    | ololoev: znaete pochemu?
 64145 | Elf:1    | Iwannabefree: не нужны
 64145 | Elf:1    | ololoev: posmotrite na trovu
 64145 | Elf:1    | Iwannabefree: если бы удалили артифайс в общем
 64145 | Elf:1    | ololoev: vot pochemu
 64145 | Elf:1    | DEFE: лол
 64145 | Elf:1    | Iwannabefree: я бы побугуртил и успокоился
 64145 | Elf:1    | ololoev: ya vsu etu igru budu bugurtit
 64145 | Elf:1    | ololoev: iz-za trovi
 64153 | Elf:1    | DEFE: Ч помню когда рестор абилитес выпилили и заменили рестор статов экспой
 64170 | Elf:1    | DEFE: а у меня еще лежало штук 10 рестор абилити в инвентаре
 64216 | Elf:1    | DEFE: уникальное пойло древности
 64361 | Elf:1    | Received a gift from Trog
 64389 | Elf:1    | You fall through a shaft!
 64390 | Elf:2    | ololoev: nice
 64391 | Elf:2    | DEFE: лол
 64402 | Elf:2    | Iwannabefree: 0.20 anyway govno
 64410 | Elf:2    | Iwannabefree: shtobi v nego igrat
 64526 | Elf:2    | Found a huge runed gate.
 64526 | Elf:2    | Found a huge runed gate.
 64526 | Elf:2    | Found a huge runed gate.
 64527 | Elf:2    | Found a huge runed gate.
 64528 | Elf:2    | Found a huge runed gate.
 64550 | Elf:2    | DEFE: 0.17 only and forever
 64590 | Elf:2    | Iwannabefree: там еще некрота вечная
 64590 | Elf:2    | DEFE: но вообще я наверное перейду на 14
 64604 | Elf:2    | DEFE: как казуал
 64659 | Elf:2    | Iwannabefree: мне нравились изменения до выпила эльфов
 64667 | Elf:2    | Iwannabefree: божки новые
 64682 | Elf:2    | Iwannabefree: и дезоль
 64682 | Elf:2    | DEFE: Да не
 64739 | Elf:2    | DEFE: Я понял что говно будет, когда выпелили рМут и кларити
 64808 | Elf:2    | Found a radiant altar of Vehumet.
 64817 | Elf:2    | Iwannabefree: амулеты же перепилили
 64824 | Elf:2    | Iwannabefree: полностью
 64834 | Elf:2    | Iwannabefree: рмут и не нужен
 64851 | Elf:2    | Iwannabefree: когда есть
 64851 | Elf:2    | Goblin1989: не, ну я буду бх гаргульей кастовать
 64851 | Elf:2    | Iwannabefree: НЕКРОМУТ
 64851 | Elf:2    | ololoev: togda beri ash esli hochesh s bh begat
 64851 | Elf:2    | ololoev: tam nichego ne melditsya prakticheski
 64852 | Elf:2    | Iwannabefree: там же еще добавляли мобов
 64866 | Elf:2    | Iwannabefree: и охардкоривали понемногу
 64905 | Elf:2    | Iwannabefree: поэтому останавлюсь на 0.19
 64976 | Elf:2    | Found Nosavo's Distillery.
 64986 | Elf:2    | DEFE: Блю дес выпилили
 64986 | Elf:2    | Bought a potion of curing for 39 gold pieces
 64986 | Elf:2    | Bought a potion of resistance for 130 gold pieces
 64986 | Elf:2    | Bought a potion of heal wounds for 65 gold pieces
 64995 | Elf:2    | DEFE: жуков выпелили
 65025 | Elf:2    | DEFE: которые стены рыли
 65025 | Elf:2    | ololoev: jukov et ogoliath?
 65025 | Elf:2    | ololoev: a, boring
 65033 | Elf:2    | Goblin1989: да жуков-то давно уже
 65033 | Elf:2    | ololoev: ninujni
 65033 | Elf:2    | ololoev: kak i blue death
 65033 | Elf:2    | DEFE: голифов тоже жалко
 65033 | Elf:2    | Iwannabefree: добавили псов
 65033 | Elf:2    | Iwannabefree: в ад
 65033 | Elf:2    | ololoev: nafig blue death nujen?
 65033 | Elf:2    | Goblin1989: да ну, ты чо
 65037 | Elf:2    | Iwannabefree: которые смайт таргет суммонят
 65063 | Elf:2    | Goblin1989: это как эльфы сумонеры только в начале игры
 65063 | Elf:2    | Iwannabefree: и гигантов новых
 65075 | Elf:2    | Iwannabefree: зот заметно охардкорили
 65117 | Elf:2    | Iwannabefree: этим -ктеле
 65117 | Elf:2    | Goblin1989: ты хочешь один на один подраться а они сбоку подруливают
 65123 | Elf:2    | DEFE: Шадоу кричерс
 65151 | Elf:2    | DEFE: Да цТеле убрали
 65154 | Elf:2    | DEFE: это просто говно
 65226 | Elf:2    | ololoev: ctele chit i imba
 65226 | Elf:2    | ololoev: ninujno
 65250 | Elf:2    | DEFE: Баффы убрали
 65297 | Elf:2    | DEFE: кожу, фазу
 65350 | Elf:1    | Reached skill level 26 in Shields
 65352 | Elf:1    | Reached skill level 5 in Evocations
 65358 | Elf:1    | DEFE: бранды на випон
 65438 | Elf:1    | Received a gift from Trog
 65439 | Elf:1    | Goblin1989: дэфэ больше по шифту наверное скучает
 65471 | Elf:1    | DEFE: шифт хороший спелл был
 65471 | Elf:1    | Goblin1989: скролл бренда убрали??? О_ОЛ
 65471 | Elf:1    | ololoev: nafiga po shiftu skuchat u menya na klave 2 shtuki ostalos poka
 65471 | Elf:1    | ololoev: net, on pro spelli a ne scroll
 65506 | Elf:1    | Goblin1989: фууу
 65508 | Elf:1    | Goblin1989: хотя с них станется
 65509 | Elf:1    | DEFE: много механики упростили
 65509 | Elf:1    | Goblin1989: вот выпил скролла бренда будет лютейшим охардкориванием
 65520 | Elf:1    | ololoev: potomu chto ninujno
 65520 | Elf:1    | Goblin1989: ну это ж вам не майнкарфт
 65520 | Elf:1    | Goblin1989: там вот только добавляют
 65520 | Elf:1    | Goblin1989: хотя я хз, двно уже не читал что там меняют
 65520 | Elf:1    | Iwannabefree: скарабов еще добавили
 65573 | Elf:1    | Iwannabefree: и в общем тумбу посложнее сделали
 65718 | Elf:1    | DEFE: рыб выпилили
 65718 | Elf:1    | ololoev: ribi ninujni
 65718 | Elf:1    | Goblin1989: а я все жду этого нового бога колючек
 65718 | Elf:1    | ololoev: vot chto oni daut igre takogo unikalnogo?
 65718 | Elf:1    | ololoev: eti ribi
 65869 | Elf:1    | Found Ocvyamnu's Antique Armour Boutique.
 65978 | Elf:1    | Iwannabefree: нинужны
 65978 | Elf:1    | DEFE: СИЛЬВЕР СТАР
 65978 | Elf:1    | Iwannabefree: были
 66021 | Elf:1    | Iwannabefree: тупо проходишь мимо
 66021 | Elf:1    | ololoev: ya uje ne pomnu chto silver star delal
 66021 | Elf:1    | Iwannabefree: ??silver star
 66021 | Elf:1    | beem: silver star[1/2]: Orb of Zin. Removed in 0.15.
 66021 | Elf:1    | ololoev: tam tso tebya mochil esli zvezdu ubit?
 66021 | Elf:1    | ololoev: a, zin
 66065 | Elf:3    | Entered Level 3 of the Elven Halls
 66066 | Elf:3    | Iwannabefree: ??silver star [2
 66066 | Elf:3    | beem: silver star[2/2]: Silver blast sometimes removes mutations, and it also does more damage the more mutations you have (much more if you're one of the ~evil races).
 66074 | Elf:3    | Iwannabefree: huyase
 66080 | Elf:3    | Iwannabefree: ZASHTO
 66111 | Elf:3    | ololoev: zapiraesh zvezdu na d25
 66111 | Elf:3    | DEFE: Это такая усилинная верси ООФ
 66111 | Elf:3    | ololoev: i prihodish k nei za curemutom
 66223 | Elf:3    | Found a deep blue altar of Sif Muna.
 66245 | Elf:3    | DEFE: 3d43
 66254 | Elf:3    | DEFE: серебром
 66261 | Elf:3    | ololoev: kuremut za 3d43!
 66272 | Elf:3    | Found Caergh's Armour Shop.
 66274 | Elf:3    | DEFE: и 3d40 холи
 66274 | Elf:3    | ololoev: nidiriga
 66274 | Elf:3    | ololoev: *nidoroga
 66274 | Elf:3    | Found Kixaiwk's Jewellery Emporium.
 66284 | Elf:3    | DEFE: СТАТ ДЕС
 66284 | Elf:3    | ololoev: vot eto kloka
 66284 | Elf:3    | DEFE: опять же
 66284 | Elf:3    | DEFE: да
 66284 | Elf:3    | DEFE: декс +10
 66284 | Elf:3    | DEFE: бери
 66284 | Elf:3    | ololoev: seichas eshe shopi cheknu
 66284 | Elf:3    | ololoev: kstati pohoje noviy vault
 66284 | Elf:3    | ololoev: s 3 shopami
 66284 | Elf:3    | Found Bial's Jewellery Emporium.
 66285 | Elf:3    | Found Qorouk Egor's Gadget Shop.
 66289 | Elf:3    | DEFE: уже давно
 66289 | Elf:3    | DEFE: он еще в депсах бывает
 66289 | Elf:3    | ololoev: i v snekah
 66289 | Elf:3    | Iwannabefree: и в снеках
 66296 | Elf:3    | Bought the ring of the Devil {Fire MR+ SInv} for 794 gold pieces
 66301 | Elf:3    | DEFE: rC
 66311 | Elf:3    | DEFE: есть то?
 66322 | Elf:3    | Iwannabefree: не ебу как теперь пацаны будут за мумий играть
 66328 | Elf:3    | Iwannabefree: без хасты и хв
 66328 | Elf:3    | ololoev: est
 66328 | Elf:3    | DEFE: п щит+гда
 66328 | Elf:3    | Bought the +2 cloak of the Wumpus {MP-9 Dex+10} for 722 gold pieces
 66328 | Elf:3    | Iwannabefree: я только за счет этих палок прошел
 66347 | Elf:3    | DEFE: rN нет
 66350 | Elf:3    | Goblin1989: опа
 66350 | Elf:3    | Goblin1989: антишаолинь
 66350 | Elf:3    | ololoev: ne hvatilo na nego
 66382 | Elf:3    | Goblin1989: +8 АС это круто
 66383 | Elf:3    | DEFE: да нинужен
 66388 | Elf:3    | ololoev: nujen
 66388 | Elf:3    | DEFE: и так 40
 66388 | Elf:3    | DEFE: норм
 66388 | Elf:3    | ololoev: u menya +3ev
 66388 | Elf:3    | ololoev: budet +8 ac
 66388 | Elf:3    | DEFE: а
 66388 | Elf:3    | ololoev: bolshe nechego taskat
 66388 | Elf:3    | DEFE: рН кольцо надень лучше
 66631 | Elf:3    | Iwannabefree: >>>>размышлять над шмотом когда ты минотабер в гда
 66631 | Elf:3    | ololoev: poidu k elfam za runoy
 66631 | Elf:3    | ololoev: abysmal
 66749 | Elf:3    | Reached XP level 26. HP: 257/257 MP: 17/26
 66775 | Elf:3    | Got a glittering steel ring
 67029 | Elf:3    | Got a shimmering turquoise ring
 67033 | Elf:3    | Identified the ring of Plog {Ice rN++} (You took it off a deep elf master archer on level 3 of the Elven Halls)
 67034 | Elf:3    | Identified the ring "Rixamn" {*Tele rElec} (You took it off a deep elf death mage on level 3 of the Elven Halls)
 67064 | Elf:3    | Got a bound turquoise ring
 67066 | Elf:3    | Identified the ring of Qazlal's Hatred {+Blink rF- MR+ Str-4 Dex+5} (You took it off a deep elf blademaster on level 3 of the Elven Halls)
 67087 | Elf:3    | DEFE: ненависть казла
 67117 | Elf:3    | Identified the +5 plate armour "Jehegg" {rF+ MP+9 SInv} (You found it on level 3 of the Elven Halls)
 67121 | Elf:3    | Identified the +9 plate armour of the Albatross {-Tele +Inv rElec} (You found it on level 3 of the Elven Halls)
 67133 | Elf:3    | Identified the +1 cloak of Joy {rPois Str+5 Int-5 SInv} (You found it on level 3 of the Elven Halls)
 67134 | Elf:3    | DEFE: китайская версия максвелла
 67896 | Depths:3 | Voluntarily entered the Abyss.
 67896 | Abyss:1  | Found a shattered altar of Ashenzari.
 67979 | Abyss:1  | DEFE: V5
 67992 | Abyss:1  | DEFE: Abyssal version
 68052 | Abyss:2  | Goblin1989: хм. А я и не знал что разбивание файла на части такой сложный процесс. тотал мне почти полностью ложит систему.
 68143 | Abyss:4  | Found a corrupted altar of Lugonu.
 68201 | Abyss:4  | Received a gift from Trog
 68210 | Abyss:4  | Got a bone eveningstar {god gift}
 68211 | Abyss:4  | Identified the +8 eveningstar "Biem" {distort, *Slow rF+ Int+4} (Trog gifted it to you on level 4 of the Abyss)
 68341 | Abyss:4  | ololoev: olololololololololololo!!!!
 68341 | Abyss:4  | ololoev: vse
 68341 | Abyss:4  | DEFE: шо? Тебе любой архиватор разобьет
 68341 | Abyss:4  | ololoev: ya beru hleba
 68341 | Abyss:4  | ololoev: i idu delat 15 run
 68390 | Abyss:4  | Iwannabefree: c h a o s
 68396 | Abyss:4  | Iwannabefree: ninuzhniy
 68438 | Abyss:4  | DEFE: лучшмй бранд в игре
 68467 | Abyss:4  | Paralysed by accursed screaming for 1 turns
 68479 | Abyss:4  | Iwannabefree: holy & antimagic
 68500 | Abyss:4  | Got an abyssal rune of Zot
 68525 | Depths:3 | Escaped the Abyss
 68738 | Depths:3 | Iwannabefree: если только ради фана юзать
 68739 | Depths:3 | Iwannabefree: но в кровле в последнее время хуево с фаном
 68739 | Depths:3 | ololoev: ti ne prav
 68739 | Depths:3 | ololoev: chaos krut ochen
 68739 | Depths:3 | Iwannabefree: анрелаябл
 68739 | Depths:3 | ololoev: cerebov suddenly stops moving
 68739 | Depths:3 | ololoev: v early-mide da
 68739 | Depths:3 | ololoev: a v leaite chto on sdelaet
 68739 | Depths:3 | Iwannabefree: а
 68739 | Depths:3 | Iwannabefree: вамп еще
 68739 | Depths:3 | Iwannabefree: охуенен
 68739 | Depths:3 | ololoev: berserknet trollya?
 68739 | Depths:3 | DEFE: вот вамп говно
 68739 | Depths:3 | ololoev: vamp ne reshaet posle mida
 68739 | Depths:3 | ololoev: v leaite nemnogo polezen
 68739 | Depths:3 | ololoev: v postende ninujen
 68739 | Depths:3 | Iwannabefree: трехрунку сделать заебись
 68739 | Depths:3 | Iwannabefree: дальше ребренд
 68739 | Depths:3 | ololoev: v zote zamochat
 68739 | Depths:3 | Iwannabefree: в холи
 68739 | Depths:3 | ololoev: v chaos
 68739 | Depths:3 | Iwannabefree: чейта
 68739 | Depths:3 | Iwannabefree: там драконы и клоуны
 68739 | Depths:3 | DEFE: Да вамп уже в зоте говно
 69055 | D:4      | Fell from the grace of Trog
 69055 | D:4      | Became a worshipper of Makhleb the Destroyer
 69315 | Elf:3    | DEFE: Еще хаосом можно сделать сразу два церебова
 69546 | D:14     | Iwannabefree: его одного то много
 69628 | Crypt:1  | Entered Level 1 of the Crypt
 69629 | Crypt:1  | Iwannabefree: особенно если с кубиками траблы
 69648 | Crypt:1  | Found a magical portal.
 69665 | WizLab   | Entered Wucad Mu's Monastery
 69681 | WizLab   | DEFE: монастырь
 69839 | WizLab   | DEFE: повезло
 69845 | WizLab   | DEFE: что братаны не налетели
 69851 | WizLab   | Reached XP level 27. HP: 248/265 MP: 18/27
 69866 | WizLab   | Gained mutation: Your muscles are strong. (Str +2) [potion of beneficial mutation]
 69890 | WizLab   | Learned a level 5 spell: Silence
 70070 | Crypt:1  | Reached skill level 5 in Stealth
 70187 | Crypt:1  | DEFE: это что
 70187 | Crypt:1  | DEFE: за филиал томба
 70187 | Crypt:1  | ololoev: eto mini-tumba
 70196 | Crypt:1  | Reached * piety under Makhleb
 70202 | Crypt:1  | DEFE: а тут курфу
 70206 | Crypt:1  | DEFE: живет
 70287 | Crypt:1  | ololoev: tut khufu umret
 70336 | Crypt:1  | DEFE: мне как-то убила
 70361 | Crypt:1  | DEFE: в таком вольтте
 70408 | Crypt:1  | Paralysed by Trog for 7 turns
 70742 | Crypt:1  | Noticed a greater mummy
 70758 | Crypt:1  | Killed a greater mummy
 70886 | Crypt:1  | Noticed a greater mummy
 70911 | Crypt:1  | Killed a greater mummy
 71046 | Crypt:1  | Noticed Khufu
 71065 | Crypt:1  | Killed Khufu
 71074 | Crypt:1  | Got a twitching steel amulet
 71075 | Crypt:1  | Identified the amulet "Tiaquxteu" {Spirit rElec MR+++ Str-3 Slay-2} (You took it off Khufu on level 1 of the Crypt)
 71076 | Crypt:1  | DEFE: 0/10
 71083 | Crypt:1  | DEFE: 10/10
 71379 | Crypt:2  | Noticed Boris
 71401 | Crypt:1  | Killed Boris
 71425 | Crypt:2  | Noticed Sojobo
 71449 | Crypt:2  | Killed Sojobo
 71469 | Crypt:2  | Reached ** piety under Makhleb
 71721 | Crypt:2  | DEFE: тровинг то зачем
 71723 | Crypt:2  | DEFE: зигоскамминг что ли?
 71723 | Crypt:2  | ololoev: paralyzing needles
 71723 | Crypt:2  | ololoev: nope
 71918 | Crypt:2  | Noticed Bai Suzhen
 71918 | Crypt:2  | DEFE: так нинужно
 71920 | Crypt:2  | DEFE: у тебя хлеб и плетка хаоса
 71930 | Crypt:2  | DEFE: этого достаточно
 71936 | Crypt:2  | Killed Bai Suzhen
 71936 | Crypt:2  | Reached skill level 1 in Throwing
 72074 | Crypt:2  | ololoev: hotya da
 72159 | Crypt:3  | Entered Level 3 of the Crypt
 72249 | Crypt:3  | Reached *** piety under Makhleb
 72291 | Crypt:3  | Found an ancient bone altar of Kikubaaqudgha.
 72291 | Crypt:3  | Noticed Mennas
 72313 | Crypt:3  | Killed Mennas
 72466 | Crypt:3  | Reached **** piety under Makhleb
 72493 | Crypt:3  | Got a faintly glowing pewter ring
 72495 | Crypt:3  | Identified the ring "Uqatawn" {*Tele Int+4} (You took it off a deep elf death mage on level 3 of the Crypt)
 72706 | Crypt:3  | Paralysed by Trog for 3 turns
 72789 | Crypt:3  | Found a staircase to the Tomb.
 72789 | Crypt:3  | Noticed a greater mummy
 72851 | Crypt:3  | DEFE: хорошо они без камней
 72855 | Crypt:3  | DEFE: поставляются
 72858 | Crypt:3  | ololoev: v zerke ne pokidaesh vse ravno
 72876 | Crypt:3  | DEFE: разве зерк запрещает дальнобой?
 72884 | Crypt:3  | ololoev: da
 72884 | Crypt:3  | ololoev: a tak oni s kamnyami
 72903 | Crypt:3  | DEFE: камни только не остаются
 73357 | Crypt:3  | Reached ***** piety under Makhleb
 73427 | Crypt:3  | Killed a greater mummy
 73530 | Crypt:3  | Got a scorched bone ring
 73530 | Crypt:3  | Got a twitching lead ring
 73530 | Crypt:3  | Got a bound brass ring
 73532 | Crypt:3  | Identified the ring of Xian {rN+ MP-9 Str+4 Int+10 Slay-2} (You found it on level 3 of the Crypt)
 73533 | Crypt:3  | DEFE: лол
 73533 | Crypt:3  | DEFE: инт+10
 73533 | Crypt:3  | ololoev: et oesli ya zahochu kastovat nekromut
 73535 | Crypt:3  | DEFE: ага
 73535 | Crypt:3  | Identified the ring of Vumysuth {rF- rC+ rN+ Stlth+} (You found it on level 3 of the Crypt)
 73538 | Crypt:3  | Identified the ring "Yhoxef" {rPois rN+ MR+} (You found it on level 3 of the Crypt)
 73812 | Crypt:3  | Reached skill level 10 in Evocations
 74177 | Pan      | Entered Pandemonium
 74260 | Pan      | Found an exit through the horrors of the Abyss.
 74424 | Pan      | DEFE: а смысл?
 74484 | Pan      | ololoev: smisl chego?
 74658 | Pan      | Noticed Dutuf the pandemonium lord
 74673 | Pan      | DEFE: не скипать этажи сразу
 74679 | Pan      | Killed Dutuf the pandemonium lord
 74762 | Pan      | Reached ****** piety under Makhleb
 74770 | Pan      | Reached skill level 27 in Shields
 74798 | Pan      | Got a demonic rune of Zot
 74811 | Pan      | ololoev: demonic runu dumal prochekat
 74811 | Pan      | DEFE: а
 74811 | Pan      | DEFE: да обычно на нее так натыкаешься
 74811 | Pan      | ololoev: konechno ee vse ravno naidesh poka 4 drugie ishesh
 74954 | Pan      | DEFE: баррикада
 75031 | Pan      | Found an exit through the horrors of the Abyss.
 75355 | Pan      | DEFE: тут можно щит выбить
 75393 | Pan      | Iwannabefree: и плетку
 75413 | Pan      | ololoev: pletka est uje
 75413 | Pan      | Iwannabefree: слабенькая
 75413 | Pan      | ololoev: ninujna k tomu je
 75442 | Pan      | Iwannabefree: хотя минотавру ок и так
 75445 | Pan      | ololoev: tut takie je
 75445 | Pan      | ololoev: u menya sacred uje davno est
 75469 | Pan      | Iwannabefree: ??sacred scourge
 75469 | Pan      | beem: sacred scourge[1/1]: (maces & flails; +0 acc / 12 dam / 1.1 base delay / 0.5 min delay). Created by having The Shining One {bless} a demon whip.
 75470 | Pan      | Iwannabefree: ??demon whip
 75470 | Pan      | beem: demon whip[1/2]: (maces & flails; +1 acc / 11 dam / 1.1 base delay / 0.5 min delay). A terrible weapon, woven in the depths of the inferno. Can be {bless}ed into a {sacred scourge}.
 75482 | Pan      | Iwannabefree: +1
 75509 | Pan      | Iwannabefree: i brand
 75519 | Pan      | Noticed a seraph
 75528 | Pan      | DEFE: хаос то покручи холи
 75528 | Pan      | Iwannabefree: @??seraph
 75528 | Pan      | beem: seraph (A)
                  | Spd:
    15 | HD: 25   | HP: 172-245
                  | AC/EV: 19/19
                  | Dam: 50, 20
                  | holy, weapons, items, doors, fighter, see invisible, fly
                  | Res: magic(160), fire+++, elec, poison, rot, neg+++, holy+++
                  | XP: 11212
                  | Sp: warning cry [!AM, breath], sum.holies [!sil], injury bond [!sil], cleansing flame [!sil]
                  | Sz: Medium
                  | Int: human.
 75528 | Pan      | ololoev: chaos kruche
 75528 | Pan      | Iwannabefree: nit
 75541 | Pan      | Killed a seraph
 75541 | Pan      | Reached skill level 10 in Stealth
 75556 | Pan      | DEFE: петрифай
 75561 | Pan      | DEFE: лол
 75566 | Pan      | ololoev: a ne paralyze bil?
 75566 | Pan      | DEFE: не
 75566 | Pan      | DEFE: окаменел
 75566 | Pan      | ololoev: aga
 75566 | Pan      | ololoev: v obshem chaos namnogo luche etih vashih sacredov
 75592 | Pan      | Found a glowing golden altar of the Shining One.
 75616 | Pan      | DEFE: конфуз, паралич, петрифай, баниш
 75634 | Depths:3 | Escaped Pandemonium
 75636 | Pan      | Entered Pandemonium
 75845 | Pan      | DEFE: да не бойся
 75846 | Pan      | Noticed Vuzit the pandemonium lord
 75850 | Pan      | DEFE: все равно в гости к мнолегу идти
 75885 | Pan      | Killed Vuzit the pandemonium lord
 75901 | Pan      | ololoev: konechno u menya mutok to godnih net
 75901 | Pan      | ololoev: tak chto pofig
 75901 | Pan      | ololoev: kstati ya kak-to sdelal mnolega tabberom bez edinoi mutki
 75911 | Pan      | Goblin1989: объясните мне отличие Fat32 От exFat пожалуйста, если знаете
 75961 | Pan      | ololoev: NTFS FTW!
 76163 | Pan      | DEFE: exFat это такая улучшенная версия FAT32
 76179 | Pan      | DEFE: но вообще лучше всегда используй NTFS
 76235 | Pan      | Noticed Ilaam the pandemonium lord
 76246 | Pan      | Killed Ilaam the pandemonium lord
 76279 | Pan      | Goblin1989: да вот чего-то не пойму
 76420 | Pan      | Found an exit through the horrors of the Abyss.
 76551 | Pan      | Goblin1989: но мои флешки оказывается в FAT32 и в NTFS не форматируются
 76630 | Pan      | Found a runed door.
 76646 | Pan      | Goblin1989: это видимо глючность винды уже у меня
 76678 | Pan      | Goblin1989: ну не может флешка не форматироваться в NTFS
 76687 | Pan      | Noticed Toot the pandemonium lord
 76700 | Pan      | Killed Toot the pandemonium lord
 76701 | Pan      | Goblin1989: или может?
 76742 | Pan      | DEFE: может
 76822 | Pan      | DEFE: первая ссылка в гугле
 76922 | Pan      | DEFE: http://netler.ru/pc/flash-ntfs.htm
 77185 | Pan      | Goblin1989: спасибо, сейчас почитаю
 77197 | Pan      | DEFE: Вообще exFat может и лучше NTFS
 77230 | Pan      | Gained mutation: You are surrounded by a mild repulsion field. (EV +2) [a cacodemon]
 77281 | Pan      | ololoev: innerflame ot chaosa?
 77281 | Pan      | ololoev: kruto
 77285 | Pan      | DEFE: ага
 77480 | Pan      | DEFE: жалко он эффекты карт не вешает
 77612 | Pan      | Found an exit through the horrors of the Abyss.
 77925 | Pan      | Found a runed door.
 77939 | Pan      | Found a runed door.
 77974 | Pan      | Found a runed door.
 77974 | Pan      | Noticed Elaoticiy the pandemonium lord
 78013 | Pan      | Killed Elaoticiy the pandemonium lord
 78030 | Pan      | Found a runed door.
 78036 | Pan      | Found an exit through the horrors of the Abyss.
 78675 | Pan      | ololoev: opa!
 78675 | Pan      | ololoev: nice kniga
 78725 | Pan      | Learned a level 5 spell: Aura of Abjuration
 78792 | Pan      | Reached skill level 1 in Summonings
 78856 | Pan      | Noticed Taurhymo the pandemonium lord
 78858 | Pan      | DEFE: что за книга?
 78859 | Pan      | ololoev: summonings
 78920 | Pan      | Killed Taurhymo the pandemonium lord
 78931 | Pan      | DEFE: жирный
 78935 | Pan      | DEFE: какой
 78945 | Pan      | DEFE: хорошо без глаца
 78965 | Pan      | Was forgiven by Trog
 79052 | Pan      | Reached skill level 5 in Summonings
 79241 | Pan      | Found an exit through the horrors of the Abyss.
 79474 | Pan      | Found an exit through the horrors of the Abyss.
 79773 | Pan      | Noticed Deteott the pandemonium lord
 79781 | Pan      | Killed Deteott the pandemonium lord
 79786 | Pan      | Goblin1989: ну ок!
 79802 | Pan      | Goblin1989: спасибо ДэФэ!
 79894 | Pan      | Goblin1989: сейчас в НТФС перегоню их обе
 79919 | Pan      | Goblin1989: или все три даже
 80081 | Pan      | Gained mutation: Scrolls take you a little longer to read. [a cacodemon]
 80181 | Pan      | Lost mutation: Scrolls take you a little longer to read. [potion of cure mutation]
 80181 | Pan      | Lost mutation: Your muscles are strong. (Str +2) [potion of cure mutation]
 80181 | Pan      | Lost mutation: You have large cloven feet. [potion of cure mutation]
 80181 | Pan      | Lost mutation: You are surrounded by a mild repulsion field. (EV +2) [potion of cure mutation]
 80184 | Pan      | Noticed Atikk the pandemonium lord
 80216 | Pan      | Goblin1989: а что за статус такой новый?
 80220 | Pan      | Goblin1989: висп?
 80225 | Pan      | Entered the realm of Cerebov.
 80226 | Pan      | ololoev: eto ne noviy
 80226 | Pan      | ololoev: eto polymorph
 80533 | Pan      | Goblin1989: а, тебя превращали
 80575 | Pan      | DEFE: а кто тебя морфануть смог?
 80597 | Pan      | Goblin1989: не замитил почему-то
 80633 | Pan      | Goblin1989: лорд видимо
 80633 | Pan      | DEFE: хаос бранд у лорда?
 80633 | Pan      | ololoev: pohodu chaos brand
 80633 | Pan      | ololoev: on eshe i conf povesil
 81048 | Pan      | Reached skill level 10 in Summonings
 81053 | Pan      | Noticed Cerebov
 81342 | Pan      | Got a brightly glowing lead ring
 81343 | Pan      | Identified the ring of the Tormentor {Fire Str+5} (You found it in Pandemonium)
 81353 | Pan      | DEFE: а палку инвиза
 81357 | Pan      | DEFE: тоже убрали?
 81366 | Pan      | Learned a level 8 spell: Necromutation
 81366 | Pan      | DEFE: я давно не находил
 81369 | Pan      | ololoev: ee eshe primerno v 0.18 ubrali
 81431 | Pan      | Identified Otaoxeut's Compendium of Captivating Feathers
 81488 | Pan      | Killed Cerebov
 81509 | Pan      | Identified Cequyq's Papyrus of Stolen Souls
 81516 | Pan      | Learned a level 2 spell: Passwall
 81529 | Pan      | Learned a level 3 spell: Lesser Beckoning
 81529 | Pan      | DEFE: удаляю кравл
 81530 | Pan      | Got a fine marble ring
 81531 | Pan      | Identified the ring of Niamaeni {Ice *Corrode +Inv Dex+5} (You found it in Pandemonium)
 81835 | Pan      | Got a fiery rune of Zot
 81996 | Pan      | Found an exit through the horrors of the Abyss.
 82195 | Pan      | Goblin1989: похоже эта фраза становится мейнстримом
 82204 | Pan      | Goblin1989: удаляю кравл
 82447 | Pan      | Noticed Nyhailea the pandemonium lord
 82486 | Pan      | Goblin1989: даже у тех кто онлайн играет
 82486 | Pan      | Killed Nyhailea the pandemonium lord
 82537 | Pan      | Learned a level 1 spell: Apportation
 82650 | Pan      | Found an exit through the horrors of the Abyss.
 82707 | Pan      | Noticed Ziuraras the pandemonium lord
 82735 | Pan      | Killed Ziuraras the pandemonium lord
 82978 | Pan      | Identified the -2 cloak of the Bull {rN++ Regen+ Int+4} (You found it in Pandemonium)
 83361 | Pan      | Found an exit through the horrors of the Abyss.
 83597 | Pan      | Gained mutation: You expend magic power (3 MP) to strengthen your wands. [a neqoxec]
 83627 | Pan      | ololoev: kstati
 83627 | Pan      | Goblin1989: ?
 83627 | Pan      | ololoev: teper mp-powered wands stalo horoshei mutkoi
 83648 | Pan      | Gained mutation: You are frail. (-10% HP) [a neqoxec]
 83650 | Pan      | Noticed Hapahurgh the pandemonium lord
 83669 | Pan      | Killed Hapahurgh the pandemonium lord
 83688 | Pan      | Lost mutation: You are partially covered in rugged brown scales. (AC +1, +3% HP) [potion of cure mutation]
 83688 | Pan      | Lost mutation: You expend magic power (3 MP) to strengthen your wands. [potion of cure mutation]
 83688 | Pan      | Lost mutation: You are frail. (-10% HP) [potion of cure mutation]
 83688 | Pan      | Lost mutation: You are partially covered in thin metallic scales. (AC +2) [potion of cure mutation]
 83689 | Pan      | Goblin1989: в ней ничего хорошего нет
 83707 | Pan      | ololoev: why?
 83920 | Pan      | Entered the realm of Mnoleg.
 84080 | Pan      | Goblin1989: ну нафиг надо ману тратить когда вандой пользуешься
 84084 | Pan      | ololoev: zato damaga bolshe
 84096 | Pan      | Gained mutation: Your magical capacity is low. (-10% MP) [a neqoxec]
 84102 | Pan      | Gained mutation: You are partially covered in thin metallic scales. (AC +2) [a neqoxec]
 84108 | Pan      | Gained mutation: Your magical capacity is very low. (-20% MP) [a neqoxec]
 84114 | Pan      | Gained mutation: You are clumsy. (Dex -2) [a neqoxec]
 84117 | Pan      | ololoev: a esli ti milishnik to mana ninujno
 84117 | Pan      | Goblin1989: а кто-то все еще домажащими вандами порльзуется?
 84117 | Pan      | ololoev: teper budut
 84133 | Pan      | Goblin1989: их повыпилить давно уже нужно
 84154 | Pan      | Gained mutation: You are frail. (-10% HP) [a neqoxec]
 84300 | Pan      | Gained mutation: You have sharp toenails. [a neqoxec]
 84301 | Pan      | Goblin1989: я вот ванду мэджик дартса до сих пор не понимаю
 84377 | Pan      | Gained mutation: Your spells are a little easier to cast, but a little less powerful. [a shining eye]
 84385 | Pan      | Gained mutation: You occasionally shout uncontrollably at your foes. [a shining eye]
 84391 | Pan      | Noticed Mnoleg
 84399 | Pan      | Paralysed by a floating eye for 2 turns
 84414 | Pan      | Paralysed by a floating eye for 2 turns
 84427 | Pan      | Paralysed by a floating eye for 2 turns
 84436 | Pan      | Paralysed by a floating eye for 4 turns
 84439 | Pan      | Goblin1989: флейм при старте за DSAr еще хоть как-то помогает, а от дартсов этих даже в начале толку НИ КА КО ГО
 84448 | Pan      | Gained mutation: Your body sometimes deteriorates upon taking damage. [a cacodemon]
 84485 | Pan      | Killed Mnoleg
 84619 | Pan      | Got a glowing rune of Zot
 84620 | Pan      | Lost mutation: You are frail. (-10% HP) [potion of cure mutation]
 84620 | Pan      | Lost mutation: You are partially covered in thin metallic scales. (AC +2) [potion of cure mutation]
 84620 | Pan      | Lost mutation: You occasionally shout uncontrollably at your foes. [potion of cure mutation]
 84620 | Pan      | Lost mutation: Your spells are a little easier to cast, but a little less powerful. [potion of cure mutation]
 84620 | Pan      | Lost mutation: You are clumsy. (Dex -2) [potion of cure mutation]
 84632 | Pan      | Gained mutation: Armour fits poorly on your strangely shaped body. [a neqoxec]
 85367 | Pan      | Gained mutation: You are clumsy. (Dex -2) [a cacodemon]
 85398 | Pan      | Reached skill level 15 in Summonings
 85403 | Pan      | Noticed Zuteqar the pandemonium lord
 85423 | Pan      | DEFE: там прибавка очень маленькая
 85426 | Pan      | DEFE: к силе вандов
 85426 | Pan      | Killed Zuteqar the pandemonium lord
 85510 | Pan      | Entered the realm of Gloorx Vloq.
 85889 | Pan      | Iwannabefree: что это за ванда такая
 85891 | Pan      | Iwannabefree: ее нет нынче
 85913 | Pan      | Iwannabefree: только флейм из совсем ненужных
 86087 | Pan      | Iwannabefree: точнее нужных только в раннем данже
 86087 | Pan      | Goblin1989: мне вот интересно стало
 86118 | Pan      | Noticed Gloorx Vloq
 86124 | Pan      | Goblin1989: сейчас мегазиги-то вообще возможны в транке?
 86131 | Pan      | ololoev: ofc
 86131 | Pan      | ololoev: why not?
 86252 | Pan      | Goblin1989: это я про казуалова демонспавна подумал просто
 86403 | Pan      | Goblin1989: он еще жив или уже нет
 86405 | Pan      | Goblin1989: давно не видел
 86483 | Pan      | HP: 10/280 [poisoned by Gloorx Vloq (dark miasma)]
 86770 | Pan      | Found an exit through the horrors of the Abyss.
 86789 | Pan      | Identified Soxah's Reference Book on Boosts and Creation
 86842 | Pan      | ololoev: gloorz bez buratino eto bolno
 87706 | Pan      | Killed Gloorx Vloq
 87706 | Pan      | Reached skill level 1 in Necromancy
 87755 | Pan      | Got a dark rune of Zot
 87908 | Pan      | Entered the realm of Lom Lobon.
 88310 | Pan      | Found an exit through the horrors of the Abyss.
 88880 | Pan      | Iwannabefree: @??archer statue
 88881 | Pan      | beem: archer statue (8)
                  | Spd: 10 (stationary)
                  | HD: 8
                  | HP: 63-82
                  | AC/EV: 12/1
                  | Dam: 20
                  | non-living, items, doors, master archer, unbreathing, vault
                  | Res: magic(immune), fire++, cold++, elec, poison+++, drown, rot+++, neg+++, torm
                  | XP:
   573 | Sz: Large | Int: human.
 88887 | Pan      | Iwannabefree: ogo
 88897 | Pan      | Iwannabefree: ne videl takih
 88907 | Pan      | Noticed Lom Lobon
 88907 | Pan      | Iwannabefree: ranshe
 88942 | Pan      | Got a magical rune of Zot
 88985 | Pan      | Killed Lom Lobon
 89240 | Pan      | Reached skill level 5 in Transmutations
 89311 | Pan      | Took an exit into the Abyss.
 89311 | Abyss:1  | Escaped into the Abyss
 89349 | Abyss:1  | Found a corrupted altar of Lugonu.
 89411 | Abyss:1  | Got a pair of ichor-stained gloves
 89412 | Abyss:1  | Identified the +0 pair of gloves "Mutelez" {rC++ Str-4} (You found it on level 1 of the Abyss)
 89490 | Abyss:1  | Reached skill level 5 in Necromancy
 89679 | Depths:3 | Escaped the Abyss
 90402 | Depths:5 | Reached skill level 1 in Air Magic
 90408 | Depths:5 | Reached skill level 1 in Hexes
 90425 | Zot:1    | Entered Level 1 of the Realm of Zot
 90447 | Zot:1    | Noticed an orb of fire
 90453 | Zot:1    | Killed an orb of fire
 90734 | Zot:1    | Reached skill level 5 in Spellcasting
 92381 | Zot:3    | Reached skill level 5 in Hexes
 92419 | Zot:3    | Reached skill level 5 in Air Magic
 93156 | Zot:4    | Goblin1989: 12 лвл
 93156 | Zot:4    | Goblin1989: и я кастую бх!
 93156 | Zot:4    | Goblin1989: у гаргульи
 93156 | Zot:4    | Goblin1989: :)
 93156 | Zot:4    | Goblin1989: кстати вот интересно как эш отнесется к тому что я закурсю стаф визарди
 93156 | Zot:4    | Goblin1989: то есть у меня будет проклят вепон, но бить я буду непроклятыми БХ
 93156 | Zot:4    | Iwannabefree: стейвзы даст
 93156 | Zot:4    | Iwannabefree: а как скастуешь бонус пропадет
 93156 | Zot:4    | Iwannabefree: как и боунд с рук
 93156 | Zot:4    | Goblin1989: но паети будет быстрее расти зато
 93156 | Zot:4    | Iwannabefree: да
 93156 | Zot:4    | Goblin1989: короче мне нужно еще одни свиток рекурса найти, на всякий случай и начинать экспериментировать
 93156 | Zot:4    | Iwannabefree: ты гр тм играешь?
 93156 | Zot:4    | Goblin1989: дона проблема - я хз как я гидр в таком случае убивать
 93156 | Zot:4    | Iwannabefree: без щита стремно
 93156 | Zot:4    | Goblin1989: змеи не тащат же
 93156 | Zot:4    | Goblin1989: так гаргулья же
 93156 | Zot:4    | Iwannabefree: ну
 93156 | Zot:4    | Goblin1989: тонна АС, немного ЭВ
 93156 | Zot:4    | Iwannabefree: гаргулья без щита
 93156 | Zot:4    | Iwannabefree: хуета
 93156 | Zot:4    | Iwannabefree: ловит один лкс
 93156 | Zot:4    | Iwannabefree: и теряет больше половины столба
 93156 | Zot:4    | Goblin1989: ну это всяко интереснее минотабберов, которыми я последнее время играл
 93156 | Zot:4    | Goblin1989: 3руны сделаю и ладненько
 93156 | Zot:4    | Iwannabefree: детм
 93156 | Zot:4    | Iwannabefree: вот где фан
 93156 | Zot:4    | Iwannabefree: F U N
 93156 | Zot:4    | Goblin1989: фан начинается уже после первого прохождения
 93156 | Zot:4    | Goblin1989: ибо нормальные люди после того как один раз выигрывают спокойненько говорят "ну все, в эту игру я выиграл"
 93156 | Zot:4    | Goblin1989: так что все мы здесь фанатики :)
 93156 | Zot:4    | Iwannabefree: taki da
 93156 | Zot:4    | Goblin1989: лан, мне домой пора топать.
 93156 | Zot:4    | Iwannabefree: я и выкатился после первых двух побед
 93156 | Zot:4    | Iwannabefree: на полгода
 93156 | Zot:4    | Goblin1989: вечером из дома еще погамаю может
 93156 | Zot:4    | DEFE: Флейм пар создает
 93156 | Zot:4    | DEFE: Идеально против угрей
 93156 | Zot:4    | ololoev: да, я обычно для этого в леир беру с собой палку флейма
 94048 | Zot:4    | Got a pair of distressingly furry gloves
 94049 | Zot:4    | Identified the +0 pair of gloves "Viqiboh" {rF++ rN+ MP-9 Stlth+} (You found it on level 4 of the Realm of Zot)
 94276 | Zot:5    | Entered Level 5 of the Realm of Zot
 94311 | Zot:5    | Iwannabefree: сколько рун
 94328 | Zot:5    | ololoev: 9
 94427 | Zot:5    | Iwannabefree: понятно, трехрунка
 94551 | Zot:5    | ololoev: я сначала думал сделать 15
 94551 | Zot:5    | ololoev: потом сделал паны и так влом стало
 94807 | Zot:5    | Iwannabefree: экстенд скучный
 94815 | Zot:5    | ololoev: aga
 94857 | Zot:5    | Noticed an ancient lich
 94931 | Zot:5    | Noticed an ancient lich
 94950 | Zot:5    | Killed an ancient lich
 94964 | Zot:5    | Learned a level 3 spell: Regeneration
 95078 | Zot:5    | ololoev: eshe i curemut konchilis na samom neudachnom meste
 95085 | Zot:5    | Noticed an orb of fire
 95108 | Zot:5    | Gained mutation: You are frail. (-10% HP) [an orb of fire]
 95112 | Zot:5    | Killed an orb of fire
 95116 | Zot:5    | Noticed an orb of fire
 95125 | Zot:5    | Gained mutation: You tend to lose your temper in combat. [an orb of fire]
 95128 | Zot:5    | DEFE: Лол
 95128 | Zot:5    | DEFE: слишком легко
 95128 | Zot:5    | ololoev: eshe i zerkitis
 95128 | Zot:5    | DEFE: потому что нет курмута
 95139 | Zot:5    | Lost mutation: You are frail. (-10% HP) [an orb of fire]
 95143 | Zot:5    | Killed an orb of fire
 95514 | Zot:5    | Noticed an orb of fire
 95539 | Zot:5    | Killed an orb of fire
 95548 | Zot:5    | Iwannabefree: найс хастанул ооф
 95551 | Zot:5    | Noticed an orb of fire
 95551 | Zot:5    | Iwannabefree: рип
 95552 | Zot:5    | HP: 5/283 [electric golem/bolt of lightning (18)]
 95552 | Zot:5    | Slain by an electric golem

Dungeon Overview and Level Annotations

Branches:
Dungeon (15/15)            Temple (1/1) D:7            Lair (6/6) D:9
 Shoals (4/4) Lair:2        Snake (4/4) Lair:3        Slime (0/5) Lair:5
    Orc (2/2) D:9             Elf (3/3) Orc:2        Vaults (5/5) D:14
  Crypt (3/3) Vaults:3       Tomb (0/3) Crypt:3      Depths (5/5) D:15
    Zot (5/5) Depths:5

Altars:
Ashenzari
Cheibriados
Dithmenos
Elyvilon
Fedhas
Gozag
Hepliaklqana
Kikubaaqudgha
Makhleb
Nemelex Xobeh
Okawaru
Qazlal
Ru
Sif Muna
Trog
Uskayaw
Vehumet
Xom
Yredelemnul
Zin
The Shining One
Beogh

Shops:
D:4 :   D:7 *?*%   D:8 *   D:10 *   D:13 (   Orc:2 [:?:   Elf:1 [   Elf:2 !
Elf:3 }==[   Vaults:3 :

Portals:
Hell: Depths:1 Depths:2 Depths:3 Depths:4 Depths:5
Abyss: Depths:3 Depths:4
Pandemonium: Depths:3
Trove: D:12 (give wand of hasting (9))

Annotations:
D:8 Erica


Message History

Your gold dragon scales prevents you from hitting the death cob.
The death cob is moderately damaged.
The death cob misses you. You block the electric golem's attack.
The electric golem completely misses you.
The electric golem hits you but does no damage.
You block the electric golem's attack. The death cob completely misses you.
The Killer Klown honks.
The Killer Klown misses you. You furiously retaliate!
You headbutt the Killer Klown! The electric golem hits you.
The electric golem shocks you! You block the electric golem's attack.
The electric golem hits you but does no damage.
The electric golem misses you.
You whack the death cob!
The death cob flickers and vanishes for a moment.
Your headbutt misses the death cob.
The death cob is heavily damaged.
You block the death cob's attack. x2; You block the Killer Klown's attack.
The electric golem hurls lightning at you.
The bolt of lightning hits you! The bolt of lightning misses you.
You closely miss the death cob. Your headbutt misses the death cob.
The death cob is heavily damaged.
You block the death cob's attack.
The death cob hits you but does no damage.
You block the electric golem's attack. x2
The electric golem barely misses you. The electric golem misses you.
The Killer Klown blinks!
You closely miss the death cob. You headbutt the death cob!
The death cob is severely damaged.
You block the death cob's attack.
The electric golem hurls lightning at you.
The bolt of lightning hits you! The bolt of lightning misses you.
You block the death cob's attack.
The Killer Klown blinks!
Unknown command.
You feel much better. The death cob hits you! The death cob drains your vigour!
You feel as though you will be slow longer.
You block the death cob's attack.
You block the electric golem's attack. x2
The electric golem hits you but does no damage.
You block the electric golem's attack. The death cob completely misses you.
You furiously retaliate!
You headbutt the death cob, but do no damage.
The electric golem completely misses you.
You furiously retaliate!
You headbutt the electric golem! You block the electric golem's attack.
The electric golem closely misses you. The electric golem barely misses you.
The death cob hits you. The death cob drains your vigour!
You feel as though you will be slow longer.
The electric golem hits you but does no damage. x2
The electric golem closely misses you. The electric golem misses you.
You devastate the death cob!!!
You destroy the death cob!
Makhleb accepts your kill.
You feel better. The Killer Klown closely misses you. You furiously retaliate!
You headbutt the Killer Klown, but do no damage.
The electric golem hurls lightning at you.
The bolt of lightning hits you! x2
You barely miss the Killer Klown.
The Killer Klown is heavily wounded.
The electric golem hurls lightning at you.
The bolt of lightning misses you. x2; The Killer Klown blinks!
An orb of fire comes into view.
Unknown command.
As you read the scroll of teleportation, it crumbles to dust.
You feel strangely unstable.
You feel the Orb delaying your translocation!
You block the electric golem's attack. x4
The electric golem completely misses you.
You furiously retaliate!
You headbutt the electric golem! The electric golem misses you.
The electric golem closely misses you. The electric golem misses you.
The orb of fire glows red.
The bolt of fire hits you! You resist.
The electric golem crackles and sizzles.
You block the electric golem's attack. x3
The electric golem hits you but does no damage.
The electric golem hurls lightning at you.
The bolt of lightning hits you! x2; The Killer Klown closely misses you.
The electric golem barely misses you. You furiously retaliate!
You headbutt the electric golem. The electric golem barely misses you.
The electric golem hits you.
You die...

You could see an orb of fire, a Killer Klown and an electric golem.

Vanquished Creatures
  Cerebov (Pan)
  Gloorx Vloq (Pan)
  11 pandemonium lords (Pan)
  Mnoleg (Pan)
  A seraph (Pan)
  Lom Lobon (Pan)
  4 ancient liches
  Khufu (Crypt:1)
  4 orbs of fire
  Mara (Depths:1)
  Mennas (Crypt:3)
  A juggernaut (Depths:3)
  Sojobo (Crypt:2)
  Boris (Crypt:1)
  4 greater mummies
  Vashnia (Snake:2)
  Bai Suzhen (Crypt:2)
  Saint Roka (Depths:2)
  A curse toe (Zot:4)
  4 Killer Klowns
  5 caustic shrikes
  16 golden dragons
  A profane servitor (Crypt:3)
  2 bone dragons
  A pearl dragon (Zig:4)
  3 electric golems
  2 Tzitzimimeh
  5 Brimstone Fiends (Pan)
  22 tentacled monstrosities
  7 Ice Fiends (Pan)
  22 Orb Guardians (Zot:5)
  7 titans
  3 Hell Sentinels (Pan)
  8 liches
  2 deep elf master archers
  4 deep elf blademasters
  6 quicksilver dragons
  An eldritch tentacle (Pan)
  A titan (shapeshifter) (Zot:4)
  3 tentacled starspawn
  11 death cobs
  3 ancient champions
  3 acid blobs (Zig:7)
  37 Executioners
  18 sphinxes
  19 storm dragons
  2 krakens
  Kirke (Lair:5)
  8 nagarajas
  11 shadow dragons
  9 tengu reavers
  A shadow dragon (shapeshifter) (Depths:2)
  4 revenants
  14 fire giants
  5 draconian monks
  A draconian knight (Zot:1)
  4 daevas
  13 vault wardens
  6 ghost moths
  8 deep elf sorcerers
  An orc warlord (Orc:1)
  6 frost giants
  3 iron dragons (Depths:2)
  5 deep elf elementalists
  31 balrugs (Pan)
  A caustic shrike zombie (Depths:4)
  9 draconian scorchers
  8 warmongers (Pan)
  4 draconian shifters
  6 angels
  10 cacodemons (Pan)
  2 curse skulls (Pan)
  8 draconian annihilators
  16 reapers
  3 draconian stormcallers
  10 ghouls
  13 very ugly things
  37 stone giants
  14 blood saints (Pan)
  2 entropy weavers
  12 ironheart preservers
  7 ophanim (Pan)
  2 war gargoyles (Vaults:5)
  49 large abominations
  7 corrupters (Pan)
  6 red draconians
  9 vampire knights
  14 green draconians
  Azrael (Orc:2)
  11 white draconians
  14 black draconians
  6 black suns (Pan)
  13 purple draconians
  12 lorocyprocas
  9 yellow draconians
  10 spark wasps
  4 deep elf demonologists
  11 deep elf annihilators
  15 ettins
  26 blizzard demons
  3 eidola
  An orange crystal statue (WizLab)
  18 deep elf death magi
  Snorg (D:13)
  3 mummy priests
  9 fire dragons
  13 merfolk impalers
  A crystal guardian (Depths:2)
  7 merfolk javelineers
  9 great orbs of eyes
  18 jiangshi
  7 deep elf high priests
  Harold (Orc:1)
  16 green deaths (Pan)
  11 yaktaur captains
  39 vault guards
  An ice dragon (shapeshifter) (Depths:2)
  13 ogre magi
  7 rakshasas
  13 hydras
  6 ice dragons
  A hell beast (Pan)
  3 juggernaut simulacra
  3 quicksilver dragon skeletons
  6 spriggan air magi
  6 anacondas
  12 monstrous demonspawn (Pan)
  Erolcha (D:10)
  2 catoblepae
  3 merfolk avatars
  12 naga warriors
  16 centaur warriors
  An alligator snapping turtle (shapeshifter) (D:15)
  A ghost crab (Zig:3)
  4 merfolk aquamancers
  3 alligator snapping turtles
  7 deep troll shamans
  9 death knights
  4 satyrs
  26 dancing weapons
  4 tengu warriors
  47 two-headed ogres
  A death scarab (Zig:6)
  3 hell hogs (Pan)
  3 vampire magi
  A hell hog (shapeshifter) (D:15)
  10 naga sharpshooters
  11 deep troll earth magi
  A death yak (shapeshifter) (Depths:3)
  11 death yaks
  9 shock serpents
  6 thrashing horrors
  Nergalle (D:9)
  8 hell knights
  3 wretched stars
  3 spriggan berserkers
  65 soul eaters
  An orc high priest (Orc:1)
  A shock serpent (shapeshifter) (Zig:5)
  20 deep elf knights
  2 titan skeletons
  5 iron trolls
  52 sun demons (Pan)
  25 skeletal warriors
  A deep troll (shapeshifter) (Depths:2)
  3 spatial maelstroms
  18 shadow wraiths
  A storm dragon skeleton (Depths:4)
  3 salamander mystics
  The ghost of Yermak the Basher, a novice VSWn of Uskayaw (D:11)
  13 gelid demonspawn (Pan)
  11 sea snakes
  6 flayed ghosts
  16 sixfirhies (Pan)
  A quicksilver dragon simulacrum (Abyss:1)
  36 deep trolls
  13 shadow demons
  9 infernal demonspawn (Pan)
  2 sea snakes (shapeshifter)
  3 spark wasp zombies
  A swamp dragon (Abyss:4)
  A golden dragon zombie (Depths:4)
  8 wizards
  12 cherubim (Pan)
  9 unseen horrors
  2 shadow dragon zombies (Depths:4)
  2 glowing orange brains
  5 naga ritualists
  14 deep elf archers
  A lindwurm (shapeshifter) (D:15)
  13 torturous demonspawn (Pan)
  8 phantasmal warriors
  A tengu zombie (Depths:4)
  A sphinx zombie (Depths:4)
  65 deep elf magi
  7 necromancers
  15 ironbrand convokers
  An anaconda skeleton (Pan)
  An orb spider (shapeshifter) (Vaults:4)
  18 harpies
  21 orc knights
  9 mana vipers
  2 sphinx skeletons (Depths:4)
  2 golden dragon skeletons (Depths:4)
  39 ugly things
  A glowing shapeshifter (Elf:1)
  A wolf spider zombie (D:15)
  2 shining eyes (Pan)
  A mana viper (shapeshifter) (Depths:1)
  19 manticores
  3 orc sorcerers
  3 shadow dragon skeletons (Pan)
  A faun (shapeshifter) (Depths:2)
  A frost giant zombie (Depths:4)
  4 tengu skeletons
  21 cyclopes
  A centaur zombie (D:15)
  A worldbinder (Abyss:4)
  12 fauns
  An iron dragon skeleton (Depths:4)
  5 wolf spiders
  6 merfolk sirens
  24 moths of wrath
  Maurice (D:13)
  A fire giant skeleton (Depths:4)
  A hell hog skeleton (Crypt:2)
  9 elephants
  An alligator snapping turtle zombie (Crypt:2)
  8 salamanders
  2 apocalypse crabs
  30 black mambas
  4 guardian serpents
  4 rust devils
  16 vault sentinels
  7 water nymphs
  A frost giant skeleton (Depths:4)
  2 ice statues
  5 gargoyles
  26 naga magi
  4 eyes of devastation
  An eye of devastation (shapeshifter) (Depths:2)
  A guardian serpent (shapeshifter) (Vaults:2)
  A titan simulacrum (Depths:4)
  32 smoke demons
  10 spiny frogs
  26 orange demons (Pan)
  A torpor snail (Pan)
  2 elf skeletons (Depths:4)
  2 rime drakes
  42 yaktaurs
  9 hellions
  10 demonic crawlers
  13 freezing wraiths
  A komodo dragon (shapeshifter) (Vaults:1)
  A dire elephant skeleton (Pan)
  A redback zombie (Crypt:2)
  11 tormentors (Pan)
  7 komodo dragons
  A yaktaur (shapeshifter) (D:15)
  13 efreet
  17 guardian mummies
  20 hellwings
  2 anaconda simulacra
  A yellow draconian skeleton (Crypt:1)
  10 trolls
  2 ancient zymes (Abyss:4)
  An ice devil (Pan)
  38 red devils (Pan)
  The ghost of Graouh the Slasher, an amateur MiFi of Okawaru (D:5)
  A meliai (shapeshifter) (Vaults:3)
  A tengu conjurer (Depths:3)
  11 polar bears
  A wind drake (Shoals:4)
  A tyrant leech (Zig:3)
  10 hornets
  A polar bear (shapeshifter) (Vaults:1)
  30 merfolk
  A tengu simulacrum (Depths:4)
  3 meliai (D:15)
  8 hippogriffs
  4 snapping turtles
  Prince Ribbit (D:8)
  A wolf spider simulacrum (Crypt:3)
  A harpy skeleton (Crypt:1)
  13 raiju
  2 stone giant simulacra
  24 slime creatures
  A hydra skeleton (Pan)
  A minotaur skeleton (Crypt:2)
  An alligator zombie (Crypt:1)
  A dream sheep (shapeshifter) (Vaults:5)
  4 dream sheep (Lair:2)
  7 blink frogs
  A bog body (Crypt:2)
  2 frost giant simulacra
  A meliai zombie (D:13)
  3 fire giant simulacra (Depths:4)
  A spriggan (shapeshifter) (Vaults:1)
  The ghost of anet the Magician, an amateur DEWz (D:4)
  8 spriggans
  Sigmund (D:3)
  3 shadows
  13 wraiths
  42 ynoxinuls (Pan)
  9 air elementals
  53 flying skulls
  14 water elementals
  An alligator skeleton (Crypt:3)
  11 fire bats
  An ushabti (Zig:2)
  3 ettin skeletons
  A black mamba zombie (Crypt:1)
  2 redbacks (Vaults:5)
  34 yaks
  Eustachio (D:4)
  A basilisk (shapeshifter) (D:13)
  3 tarantellas (shapeshifter)
  2 wyverns
  11 fire elementals
  2 ice dragon skeletons
  3 basilisks
  2 golden eyes
  3 hogs (Lair:5)
  A human (shapeshifter) (Vaults:2)
  30 chaos spawn
  Grum (D:8)
  3 hungry ghosts
  2 vampire mosquitoes (D:12)
  18 neqoxecs (Pan)
  Menkaure (D:7)
  A harpy simulacrum (Depths:2)
  3 insubstantial wisps (Abyss:3)
  A swamp worm (shapeshifter) (Vaults:5)
  A soldier ant (D:11)
  A deep troll zombie (Vaults:1)
  6 acid dragons
  3 spatial vortices
  11 wargs
  27 nagas
  10 porcupines
  An ogre skeleton (Vaults:1)
  10 hell hounds
  3 sky beasts
  8 water moccasins
  2 floating eyes
  59 orc warriors
  3 ice beasts
  11 black bears
  4 phantoms
  2 black bears (shapeshifter)
  A human zombie (Vaults:1)
  9 necrophages
  28 ogres
  20 wolves
  4 eyes of draining
  17 boggarts
  A snapping turtle skeleton (Abyss:1)
  A swamp dragon skeleton (Crypt:1)
  29 centaurs
  14 crocodiles
  A salamander zombie (Crypt:1)
  5 big kobolds
  A fire crab zombie (Crypt:1)
  20 bullfrogs
  An earth elemental (Elf:3)
  A water moccasin zombie (Crypt:1)
  5 scorpions
  18 killer bees
  17 wights
  A polar bear skeleton (Crypt:1)
  2 electric eels (Lair:6)
  A troll skeleton (Pan)
  4 howler monkeys
  6 lava snakes (Volcano)
  7 crimson imps
  3 quasits
  4 bullfrog zombies
  5 centaur skeletons
  9 hounds
  20 starcursed masses
  A bullfrog skeleton (D:12)
  19 orc priests
  An iron imp (Depths:3)
  3 jellies
  7 iguanas
  Jessica (D:3)
  32 orc wizards
  16 worker ants
  A porcupine skeleton (Crypt:2)
  13 small abominations
  2 killer bee zombies
  A human simulacrum (Crypt:1)
  11 mummies
  2 worker ant zombies
  15 adders
  5 shadow imps
  2 white imps
  An ufetubus (Abyss:4)
  A halfling zombie (Crypt:1)
  3 worms
  A dart slug (D:1)
  5 leopard geckos
  135 orcs
  10 bats
  A bat skeleton (Crypt:2)
  6 giant cockroaches
  5 goblins
  12 hobgoblins
  14 jackals
  32 kobolds
  3 quokkas
  3 frilled lizards (D:1)
  A jackal skeleton (D:5)
  A jackal zombie (D:6)
  A kobold zombie (Crypt:1)
  2 quokka skeletons
  14 rats
  A crawling corpse (Vaults:5)
  5 starspawn tentacles
  5 tentacles
3513 creatures vanquished.

Vanquished Creatures (collateral kills)
  An ancient lich (Vaults:5)
  Jory (Depths:3)
  Asterion (Vaults:1)
  2 tengu reavers
  Ilsuiw (Shoals:4)
  2 nagarajas (Snake:4)
  A cacodemon (Pan)
  A stone giant (Volcano)
  A merfolk javelineer (Shoals:3)
  A yaktaur captain (Vaults:5)
  2 merfolk impalers (Shoals:4)
  2 naga warriors (Snake:4)
  An alligator snapping turtle (Shoals:3)
  3 merfolk aquamancers (Shoals:2)
  A naga sharpshooter (Snake:4)
  5 large abominations
  A salamander mystic (Snake:3)
  2 small abominations (Vaults:5)
  A deep elf archer (Vaults:5)
  An ironbrand convoker (Vaults:5)
  A deep elf mage (Vaults:5)
  An orc knight (Orc:1)
  A mana viper (Snake:4)
  An orc sorcerer (Orc:1)
  2 shining eyes (Depths:4)
  A merfolk siren (Shoals:3)
  4 naga magi (Snake:4)
  A vault sentinel (Vaults:5)
  A molten gargoyle (Volcano)
  An efreet (Volcano)
  A red devil (Pan)
  4 merfolk
  A raiju (Abyss:4)
  A snapping turtle (Shoals:2)
  A ynoxinul (Pan)
  A water elemental (Shoals:2)
  A golden eye (Pan)
  A neqoxec (Pan)
  3 nagas (Snake:4)
  A floating eye (Pan)
  4 orc warriors
  3 starcursed masses (Abyss:4)
  An earth elemental (Volcano)
  2 orcs
70 creatures vanquished.

Vanquished Creatures (others)
  A golden dragon (Zot:5)
  A lich (Vaults:4)
  An eldritch tentacle (Pan)
  A cacodemon (Pan)
  A draconian knight (Zot:5)
  An ironheart preserver (Vaults:3)
  A corrupter (Pan)
  2 blizzard demons (Pan)
  A merfolk aquamancer (Shoals:4)
  A deep elf knight (Vaults:5)
  A glowing orange brain (Abyss:4)
  A smoke demon (Pan)
  A tengu conjurer (Depths:3)
  A red devil (Pan)
  A bog body (Crypt:3)
  A water elemental (Abyss:4)
  A human (Lair:6)
  A chaos spawn (Pan)
  A spatial vortex (Pan)
  2 large abominations
  2 ogres
  A small abomination (Abyss:3)
  24 ball lightnings (Pan)
  An orc (D:5)
  A gnoll zombie (Crypt:2)
  2 blocks of ice (Pan)
  3 fire vortices (Pan)
  6 fungi
  A lurking horror (Abyss:4)
  39 plants
  5 starspawn tentacles (Abyss:1)
  18 tentacles
125 creatures vanquished.

Grand Total: 3708 creatures vanquished

Action                   |  1- 3 |  4- 6 |  7- 9 | 10-12 | 13-15 | 16-18 | 19-21 | 22-24 | 25-27 || total
-------------------------+-------+-------+-------+-------+-------+-------+-------+-------+-------++-------
Melee: Short sword       |    38 |   216 |       |       |       |       |       |       |       ||   254
       Unarmed           |     3 |       |       |       |       |       |       |       |       ||     3
       Headbutt          |     5 |    38 |    77 |   211 |   225 |   409 |   632 |   867 |  3184 ||  5648
       Whip              |    10 |       |       |       |       |       |       |       |       ||    10
       Flail             |       |    29 |   478 |   956 |   198 |       |       |       |       ||  1661
       Dire flail        |       |       |       |    19 |       |       |       |       |       ||    19
       Great mace        |       |       |       |       |   894 |   907 |       |       |       ||  1801
       Morningstar       |       |       |       |       |       |    19 |       |       |       ||    19
       Demon whip        |       |       |       |       |       |  1013 |  2008 |  2537 |  8042 || 13600
       Eveningstar       |       |       |       |       |       |       |       |       |    71 ||    71
 Fire: Shortbow          |       |       |     3 |       |       |       |       |       |       ||     3
Throw: Tomahawk          |       |     4 |       |       |       |       |       |       |       ||     4
       Throwing net      |       |       |       |     6 |       |       |       |       |       ||     6
 Cast: Flame Tongue      |    40 |       |       |       |       |       |       |       |       ||    40
       Aura of Abjuratio |       |       |       |       |       |       |       |       |     9 ||     9
       Regeneration      |       |       |       |       |       |       |       |       |     1 ||     1
Invok: Burn Spellbooks   |       |       |     2 |       |       |     5 |     2 |     8 |     5 ||    22
       Berserk           |       |       |       |    19 |    13 |     5 |     2 |     8 |     6 ||    53
       Trog's Hand       |       |       |       |     5 |     6 |     6 |     2 |     5 |     6 ||    30
       Brothers in Arms  |       |       |       |       |     3 |     9 |     2 |    13 |     3 ||    30
Evoke: Wand              |       |     3 |    21 |       |       |       |       |     1 |     1 ||    26
       Lamp of fire      |       |       |       |       |       |       |       |       |    10 ||    10
       Box of beasts     |       |       |       |       |       |       |       |       |     3 ||     3
  Use: Scroll            |     1 |     5 |    13 |     7 |    10 |    22 |     8 |    16 |    51 ||   133
       Potion            |       |     2 |     3 |     2 |     2 |     1 |     4 |     4 |    53 ||    71
 Stab: Sleeping          |     3 |       |       |       |       |       |       |       |       ||     3
       Invisible         |       |       |     5 |       |       |       |       |       |     8 ||    13
       Confused          |       |       |     4 |       |       |       |       |       |    36 ||    40
       Distracted        |       |       |       |       |       |       |     2 |     1 |     7 ||    10
       Petrified         |       |       |       |       |       |       |       |     6 |    21 ||    27
       Paralysed         |       |       |       |       |       |       |       |       |   113 ||   113
       Petrifying        |       |       |       |       |       |       |       |       |    58 ||    58
  Eat: Chunk             |     4 |     9 |     9 |    25 |    27 |    29 |    17 |    28 |    25 ||   173
       Meat ration       |       |       |     2 |     4 |     4 |     4 |     1 |     1 |    12 ||    28
       Fruit             |       |       |       |     4 |     2 |    15 |     1 |     1 |     1 ||    24
       Bread ration      |       |       |       |     2 |       |       |       |       |     6 ||     8
       Beef jerky        |       |       |       |       |     1 |       |       |       |       ||     1
       Pizza             |       |       |       |       |       |       |     1 |     6 |     6 ||    13
       Royal jelly       |       |       |       |       |       |       |       |     1 |     4 ||     5
Armor: Robe              |     5 |       |       |       |       |       |       |       |       ||     5
       Leather armour    |     8 |       |       |       |       |       |       |       |       ||     8
       Plate armour      |       |   224 |   358 |   419 |       |       |       |       |       ||  1001
       Chain mail        |       |       |       |   115 |   519 |   630 |   293 |   262 |       ||  1819
       Gold dragon scale |       |       |       |       |       |       |       |   166 |  1241 ||  1407
       Skin              |       |       |       |       |       |       |       |       |     3 ||     3
Dodge: Dodged            |    44 |    49 |   176 |   342 |   546 |   663 |   432 |   732 |  1902 ||  4886
Block: Large shield      |       |       |       |       |       |   939 |  1719 |  2308 |  7594 || 12560

Vault maps used:
D:1:      ncdulo_halloftheorcs, grunt_decor_fettered
D:2:      kennysheep_six_static_rooms, lemuel_crystal_altar
D:3:      first_bread, uniq_jessica, uniq_sigmund
D:4:      makhleb_grotto_becter, serial_shops, shop
D:5:      fedhas_altar_3, kennysheep_small_square, uniq_eustachio
D:6:      basic_altar
D:7:      serial_shops, kennysheep_mini_moat, kennysheep_mini, shop,
          nicolae_shop_competitors_out_of_business, uniq_menkaure
D:8:      serial_shops, shop, grunt_ogre_cave, led_sif_book, uniq_erica,
          uniq_grum, uniq_prince_ribbit1
D:9:      david_lair_generic, hiddenorc1_lemuel, mrwooster_statue_mirror
D:10:     nicolae_elemental_shop, uniq_erolcha
D:12:     enter_trove_1
D:13:     serial_shops, shop, uniq_maurice, uniq_snorg
D:14:     erik_vaults_2, roderic_roman_lattice, kennysheep_generic_room_15
D:15:     gammafunk_enter_depths_forms, serial_park_paths,
          nrook_guardian_serpent_double
Temple:   hc_temple_tempest_star
Lair:1:   grunt_megastairs_4, serial_bayou_shore_b
Lair:2:   minmay_shoals_entry_centaurs, wad_woods_01, lemuel_fruit_tree
Lair:3:   guppyfry_snake_entry_island
Lair:4:   cheibrodos_lair_lostbears
Lair:5:   slime_dummy, enter_volcano_4, minmay_stone_trees_medium,
          infiniplex_staircase_pool_2, uniq_kirke
Lair:6:   grunt_lair_end_beastmaster
Shoals:1: wheals_shoals_ruined_temple
Shoals:2: nicolae_shoals_aquamancer_cove
Shoals:3: nicolae_shoals_hunting_party
Shoals:4: shoals_end_simple, shoal_ilsuiw
Snake:2:  uniq_vashnia
Snake:4:  snake_pit
Orc:1:    uniq_nergalle, uniq_harold
Orc:2:    st_orc_town, basic_altar, nicolae_orc_rockfall, uniq_azrael
Elf:1:    elf_arrival_002, serial_shops, shop, minmay_elf_crystal_hexagon,
          st_stairs_6
Elf:2:    basic_altar, serial_shops, shop
Elf:3:    minmay_elf_hall_curves, serial_shops, shop, guppyfry_elf_altar,
          minmay_shop_grove
Vaults:1: hangedman_vaults_impose, hangedman_vaults_nails, v_rooms_5, v_misc_32,
          nicolae_vaults_little_squares_6, nicolae_vaults_triangles,
          v_alt_pattern_6, ontoclasm_vaults_tryst, ontoclasm_vaults_shuriken,
          v_misc_30, uniq_asterion
Vaults:2: vaults_standard_mumra_lines, nicolae_vaults_little_squares_2,
          grunt_vaults_trifunnel, v_misc_15,
          nicolae_vaults_windows_and_doors_thing, hangedman_vaults_locks,
          nicolae_vaults_little_ls, st_diamondy, ontoclasm_vaults_twist,
          nicolae_vaults_diagonal_hallway_6, nicolae_vaults_ninety_degrees,
          grunt_vaults_bifocal, nicolae_vaults_little_squares_6,
          vaults_room_door_hall
Vaults:3: v_misc_19, ontoclasm_vaults_ligature, minmay_crypt_entry_simple_box,
          v_misc_5, grunt_vaults_focal, v_misc_12, v_rooms_2,
          grunt_vaults_funnel, nicolae_vaults_mini_display_case, serial_shops,
          shop
Vaults:4: v_misc_33, nicolae_vaults_an_arrangement,
          hangedman_vaults_corner_blocks, nicolae_vaults_what_the_h,
          hangedman_vaults_variations, v_rooms_4, v_alt_pattern_1,
          nicolae_vaults_big_angled_halls
Crypt:1:  ragdoll_tomb_raider, serial_sigils, serial_sigils_hangedman_gnaw,
          serial_sigils_hangedman_etch, serial_sigils_hangedman_scar,
          serial_sigils_hangedman_clutch, mu_enter_wizlab_6
Crypt:2:  roderic_lattice_octagonal_star, uniq_boris, uniq_sojobo,
          uniq_bai_suzhen
Crypt:3:  grunt_crypt_end_deaths_head, uniq_mennas
Depths:1: pf_coc_iceberg, special_room, grunt_ministairs_9, spider_trap,
          hex_large, kennysheep_crisscross, nrook_mini_vaults,
          hangedman_abyss_or_decor_lesser_grid, uniq_mara
Depths:2: hangedman_crystal_crosses_colossus, hell_entry, uniq_saint_roka
Depths:3: minmay_central_circle, rand_demon_pan_entry_4,
          grunt_hell_entry_dis_grunt, hangedman_abyss_entry_splay, spider_trap,
          infiniplex_staircase_diamond, serial_bayou_shore_a,
          serial_bayou_shore_b, serial_bayou_shore_b, uniq_jory
Depths:4: evilmike_negative_zone, enter_ziggurat_d, abyss_entry, abandoned_shop,
          hangedman_tar_grid_catacomb, infiniplex_staircase_pillars_3b,
          firewood_loft
Depths:5: grunt_crosshair, hell_entry
Zot:4:    hangedman_zot_wheel_spokes, st_small_dragon_hoard_4,
          st_single_dragon_hoard_4, evilmike_ambush
Zot:5:    lemuel_flame_loot_1
Abyss:1:  hangedman_decor_riveting, guppyfry_abyss_exit_spiral_guarded,
          grunt_abyss_exit_deep_breaths
Abyss:4:  serial_sigils_hangedman_quiver
Pan:      evilmike_mini_pan_rooms, pan_blood_fountain,
          evilmike_mini_pan_corridor, pan_blood_fountain_small,
          nicolae_pan_lom_lobonic_4, rand_demon_9, nicolae_pan_sigil_nadil,
          grunt_pan_sceptre, reaverb_pan_chaos_star, rand_demon_3,
          evilmike_mini_pan_V, nicolae_pan_mnolegish_3, nicolae_pan_glass_arcs,
          rand_demon_4, pan_blood_fountain_small, nicolae_pan_cerebovesque_3,
          evilmike_mini_pan_3x3, pan_blood_fountain_small, evilmike_mini_pan_V,
          nicolae_pan_gloorx_vloqian_3, evilmike_holy_pan, rand_demon_3,
          evilmike_mini_pan_doors, nicolae_pan_cerebovesque_4,
          evilmike_mini_pan_possible_glass, evilmike_mini_pan_corridor,
          evilmike_mini_pan_layers, pan_blood_fountain, rand_demon_7,
          pan_blood_fountain_small, grunt_pan_zigzag, pan_blood_fountain_small,
          rand_demon_4, pan_blood_fountain, evilmike_mini_pan_3x3,
          nicolae_pan_mnolegish_2, nicolae_pan_diamonds, rand_demon_2,
          rand_demon_7, pan_blood_fountain_small, nicolae_pan_gloorx_vloqian_1,
          rand_demon_5, pan_blood_fountain_small, evilmike_mini_pan_murderfest,
          rand_demon_5, rand_demon_3, regret_index_pan_draining_boxed,
          pan_blood_fountain_small, grunt_pan_in_and_out,
          nicolae_pan_sigil_eeng, lemuel_hall_of_pain,
          nicolae_pan_gloorx_vloqian_3, evilmike_mini_pan_possible_glass,
          nicolae_pan_sigil_uleosi, evilmike_cerebov_lava,
          evilmike_mini_pan_pillars_b, pan_blood_fountain_2, grunt_pan_spiral,
          rand_demon_8, nicolae_pan_lom_lobonic_4, evilmike_mnoleg_eyes,
          lemuel_hellion_island, gloorx_vloq_st, grunt_pan_in_and_out,
          pan_blood_fountain_small, lom_lobon_spiral_st, nicolae_pan_sigil_nadil
Zig:8:    ziggurat_pillar_centre_oklobs
Volcano:  volcano_grotto
WizLab:   wizlab_wucad
